 Dungeon Crawl Stone Soup version 0.24.1-1-gd1d2a07e1b (webtiles) character file.

Game seed: 14156865654698771498, levelgen mode: deterministic

10862073 fritzmikael the Genius of the Arcane (level 27, 266/266 (271) HPs)
             Began as a Gnoll Wizard on Apr 5, 2020.
             Was the Champion of Sif Muna.
             Escaped with the Orb
             ... and 15 runes on Apr 8, 2020!
             The game lasted 17:05:39 (154986 turns).

fritzmikael the Genius of the Arcane (GnWz)       Turns: 154986, Time: 17:05:39

HP:   266/266 (271) AC: 33    Str: 11    XL:     27
MP:   54/54         EV: 29    Int: 40    God:    Sif Muna [******]
Gold: 12097         SH: 32    Dex: 16    Spells: 3/80 levels left

rFire    + . .     SeeInvis .   u - +9 trishula (holy)
rCold    + . .     Gourm    .   q - +0 large shield {rF+}
rNeg     . . .     Faith    .   P - quicksilver dragon scales
rPois    .         Spirit   .   D - +2 helmet {Int+3}
rElec    +         Reflect  +   n - scarf {cloud immunity}
rCorr    +         Harm     .   F - +2 pair of gloves {archery}
MR       +++..                  c - +2 pair of boots {Fly}
Stlth    +++.......             p - brooch of Shielding {Reflect SH+8}
HPRegen  0.54/turn              k - ring of Cupami {rElec rC+ Int+7 Slay+3}
MPRegen  0.34/turn              x - ring of resist corrosion

@: flying, studying Fighting
A: distributed training, fangs 1, mutation resistance 1, robust 1, shaggy fur 1,
strong nose
0: Orb of Zot
}: 15/15 runes: serpentine, barnacled, slimy, silver, golden, iron, obsidian,
icy, bone, abyssal, demonic, glowing, magical, fiery, dark
a: Channel Magic, Forget Spell, Divine Exegesis, Renounce Religion, Stop Flying


You escaped.
You worshipped Sif Muna.
Sif Muna was exalted by your worship.
You were not hungry.

You visited 18 branches of the dungeon, and saw 89 of its levels.
You visited Pandemonium 1 time, and saw 21 of its levels.
You visited the Abyss 2 times.
You visited 1 bazaar.
You also visited: Sewer, Ossuary, Volcano and Wizlab.

You collected 21952 gold pieces.
You spent 9855 gold pieces at shops.

Inventory:

Hand Weapons
 b - a +9 broad axe of flaming
 u - a +9 trishula of holy wrath (weapon)
 G - the +9 falchion of Evil {pain, Int+2 SInv}
   (You took it off a naga mage on level 2 of the Snake Pit)

   In the hands of one skilled in necromantic magic, it inflicts extra damage on
   living creatures.
   It affects your intelligence (+2).
   It lets you see invisible.
 U - the +1 whip of Kaqoec {freeze, rElec rPois rF+ Int+4}
   (You bought it in a shop on level 2 of the Vaults)

   It has been specially enchanted to freeze those struck by it, causing extra
   injury to most foes and up to half again as much damage against particularly
   susceptible opponents.
   It can also slow down cold-blooded creatures.
   It affects your intelligence (+4).
   It protects you from fire.
   It insulates you from electricity.
   It protects you from poison.
Armour
 c - a +2 pair of boots of flying (worn)
 n - a scarf of cloud immunity (worn)
 q - a +0 large shield of fire resistance (worn)
 D - a +2 helmet of intelligence (worn)
 F - a +2 pair of gloves of archery (worn)
 P - quicksilver dragon scales (worn)
Jewellery
 f - the ring "Bumostu" {rC+ Str+3 Dex+4 Slay+2 Stlth-}
   (You found it on level 7 of Tartarus)

   [ring of attention]

   It affects your strength (+3).
   It affects your dexterity (+4).
   It affects your accuracy and damage with ranged weapons and melee attacks
   (+2).
   It protects you from cold.
   It makes you less stealthy.
 g - an uncursed ring of wizardry
 j - the ring "Mihalinu" {rF+ Str+2 Dex+6 Stlth-}
   (You found it on level 1 of the Vaults)

   [ring of protection from fire]

   It affects your strength (+2).
   It affects your dexterity (+6).
   It protects you from fire.
   It makes you less stealthy.
 k - the ring of Cupami (left hand) {rElec rC+ Int+7 Slay+3}
   (You found it in a wizard's laboratory)

   [ring of slaying]

   It affects your intelligence (+7).
   It affects your accuracy and damage with ranged weapons and melee attacks
   (+3).
   It protects you from cold.
   It insulates you from electricity.
 p - the brooch of Shielding (around neck) {Reflect SH+8}
   (You bought it in a shop on level 2 of the Elven Halls)

   [amulet of reflection]

   It shields you and reflects attacks.
   It affects your SH (+8).
 x - a ring of resist corrosion (right hand)
 L - the ring "Osoxezea" {rPois rN+ Str+4 Int+3}
   (You found it on level 7 of Tartarus)

   [ring of positive energy]

   It affects your strength (+4).
   It affects your intelligence (+3).
   It protects you from poison.
   It protects you from negative energy.
Wands
 o - a wand of clouds (21)
 O - a wand of digging (28)
Scrolls
 t - 8 scrolls of amnesia
 y - 33 scrolls of remove curse
 A - 28 scrolls of teleportation
 B - 8 scrolls of blinking
 H - 2 scrolls of holy word
 J - 5 scrolls of enchant armour
 K - 10 scrolls of summoning
 N - 15 scrolls of identify
 R - 5 scrolls of silence
 S - 13 scrolls of fog
 T - 5 scrolls of magic mapping
 V - 10 scrolls of fear
 X - 2 scrolls of enchant weapon
Potions
 a - 9 potions of ambrosia
 e - 6 potions of resistance
 i - 10 potions of cancellation
 l - 23 potions of curing
 m - 2 potions of magic
 s - 8 potions of agility
 w - 10 potions of haste
 z - a potion of invisibility
 C - 8 potions of flight
 E - 6 potions of might
 I - 19 potions of mutation
 Q - 12 potions of heal wounds
 W - 4 potions of brilliance
Books
 h - a manual of Fighting
Miscellaneous
 r - the horn of Geryon
 v - 7 boxes of beasts
 M - 9 phantom mirrors
Comestibles
 d - 95 rations


   Skills:
 + Level 26.7 Fighting
 + Level 26.5 Short Blades
 + Level 26.5 Long Blades
 + Level 26.5 Axes
 + Level 26.5 Maces & Flails
 + Level 26.5 Polearms
 + Level 26.5 Staves
 + Level 26.5 Slings
 + Level 26.5 Bows
 + Level 26.5 Crossbows
 + Level 26.5 Throwing
 + Level 26.5 Armour
 + Level 26.8 Dodging
 + Level 26.7 Stealth
 + Level 26.5 Shields
 + Level 26.8 Unarmed Combat
 O Level 27 Spellcasting
 + Level 23.2 Conjurations
 + Level 23.1 Hexes
 + Level 23.1 Charms
 + Level 23.2 Summonings
 + Level 23.1 Necromancy
 + Level 23.2 Translocations
 + Level 23.1 Transmutations
 + Level 23.1 Fire Magic
 + Level 23.1 Ice Magic
 + Level 23.1 Air Magic
 + Level 23.1 Earth Magic
 + Level 23.1 Poison Magic
 O Level 27 Invocations
 + Level 26.5 Evocations


You had 3 spell levels left.
You knew the following spells:

 Your Spells              Type           Power        Failure   Level  Hunger
a - Controlled Blink      Tloc           N/A          1%          8    None
b - Blink                 Tloc           N/A          0%          2    None
c - Regeneration          Chrm/Necr      ########..   0%          3    None
d - Fire Storm            Conj/Fire      ########..   3%          9    None
e - Dispel Undead         Necr           ########     0%          5    None
f - Lee's Rapid Deconstr  Erth           ########..   0%          5    None
g - Glaciate              Conj/Ice       ########..   3%          9    None
h - Statue Form           Tmut/Erth      ########.    0%          6    None
i - Borgnjor's Vile Clut  Necr/Erth      ########..   0%          5    None
j - Summon Horrible Thin  Summ           ########..   1%          8    None
k - Necromutation         Tmut/Necr      ########..   1%          8    None
l - Lehudib's Crystal Sp  Conj/Erth      ########..   1%          8    None
m - Apportation           Tloc           ######       0%          1    None

Your spell library contained the following spells:

 Spells                   Type           Power        Failure   Level  Hunger
 Animate Skeleton         Necr           N/A          0%          1    None
 Beastly Appendage        Tmut           ######       0%          1    None
 Confusing Touch          Hex            ######       0%          1    None
 Corona                   Hex            #######      0%          1    None
 Flame Tongue             Conj/Fire      #####        0%          1    None
 Freeze                   Ice            ####         0%          1    None
 Infusion                 Chrm           ####         0%          1    None
 Magic Dart               Conj           ####         0%          1    None
 Pain                     Necr           ####         0%          1    None
 Sandblast                Erth           ######       0%          1    None
 Shock                    Conj/Air       ####         0%          1    None
 Sting                    Conj/Pois      ####         0%          1    None
 Summon Butterflies       Summ           ########     0%          1    None
 Summon Small Mammal      Summ           ####         0%          1    None
 Call Imp                 Summ           ########     0%          2    None
 Corpse Rot               Necr           N/A          0%          2    None
 Ensorcelled Hibernation  Hex/Ice        ######       0%          2    None
 Passwall                 Tmut/Erth      ########     0%          2    None
 Poisonous Vapours        Pois/Air       ######       0%          2    None
 Searing Ray              Conj           ######       0%          2    None
 Shroud of Golubria       Chrm/Tloc      ######       0%          2    None
 Slow                     Hex            ########     0%          2    None
 Song of Slaying          Chrm           ########     0%          2    None
 Sticks to Snakes         Tmut           ########     0%          2    None
 Sublimation of Blood     Necr           ########..   0%          2    None
 Swiftness                Chrm/Air       ########     0%          2    None
 Throw Flame              Conj/Fire      ######       0%          2    None
 Throw Frost              Conj/Ice       ######       0%          2    None
 Call Canine Familiar     Summ           ########     0%          3    None
 Confuse                  Hex            ########     0%          3    None
 Conjure Flame            Conj/Fire      ########     0%          3    None
 Dazzling Spray           Conj/Hex       ######       0%          3    None
 Gell's Gravitas          Tloc           ########..   0%          3    None
 Ignite Poison            Fire/Tmut/Pois ########     0%          3    None
 Inner Flame              Hex/Fire       ########     0%          3    None
 Lesser Beckoning         Tloc           ########..   0%          3    None
 Mephitic Cloud           Conj/Pois/Air  ########     0%          3    None
 Ozocubu's Armour         Chrm/Ice       ########     0%          3    None
 Portal Projectile        Hex/Tloc       ######       0%          3    None
 Recall                   Summ/Tloc      N/A          0%          3    None
 Spectral Weapon          Hex/Chrm       ########     0%          3    None
 Spider Form              Tmut/Pois      ########..   0%          3    None
 Static Discharge         Conj/Air       ########     0%          3    None
 Stone Arrow              Conj/Erth      ######       0%          3    None
 Summon Guardian Golem    Hex/Summ       ########     0%          3    None
 Teleport Other           Tloc           ########     0%          3    None
 Tukima's Dance           Hex            ########     0%          3    None
 Vampiric Draining        Necr           ########..   0%          3    None
 Airstrike                Air            ########..   0%          4    None
 Animate Dead             Necr           N/A          0%          4    None
 Cause Fear               Hex            ########..   0%          4    None
 Force Lance              Conj/Tloc      ########     0%          4    None
 Fulminant Prism          Conj/Hex       ########..   0%          4    None
 Ice Form                 Ice/Tmut       ########     0%          4    None
 Iskenderun's Mystic Bla  Conj           ########     0%          4    None
 Leda's Liquefaction      Hex/Erth       ########..   0%          4    None
 Olgreb's Toxic Radiance  Pois           ########     0%          4    None
 Petrify                  Tmut/Erth      ########     0%          4    None
 Sticky Flame             Conj/Fire      ########     0%          4    None
 Summon Ice Beast         Ice/Summ       ########     0%          4    None
 Summon Lightning Spire   Summ/Air       ########     0%          4    None
 Throw Icicle             Conj/Ice       ########     0%          4    None
 Agony                    Necr           ########     0%          5    None
 Alistair's Intoxication  Tmut/Pois      ########     0%          5    None
 Aura of Abjuration       Summ           ########..   0%          5    None
 Blade Hands              Tmut           ########..   0%          5    None
 Bolt of Draining         Conj/Necr      ########..   0%          5    None
 Bolt of Magma            Conj/Fire/Erth ########..   0%          5    None
 Excruciating Wounds      Chrm/Necr      ########..   0%          5    None
 Fireball                 Conj/Fire      ########..   0%          5    None
 Irradiate                Conj/Tmut      ########..   0%          5    None
 Iskenderun's Battlesphe  Conj/Chrm      ########     0%          5    None
 Lightning Bolt           Conj/Air       ########..   0%          5    None
 Metabolic Englaciation   Hex/Ice        ########..   0%          5    None
 Silence                  Hex/Air        ########..   0%          5    None
 Summon Demon             Summ           ########..   0%          5    None
 Summon Forest            Summ/Tloc      ########..   0%          5    None
 Summon Mana Viper        Hex/Summ       ########     0%          5    None
 Venom Bolt               Conj/Pois      ########..   0%          5    None
 Yara's Violent Unravell  Hex/Tmut       ########..   0%          5    None
 Bolt of Cold             Conj/Ice       ########..   0%          6    None
 Bolt of Fire             Conj/Fire      ########..   0%          6    None
 Conjure Ball Lightning   Conj/Air       ########..   0%          6    None
 Darkness                 Hex            ########..   0%          6    None
 Death Channel            Necr           ########..   0%          6    None
 Deflect Missiles         Chrm/Air       ########..   0%          6    None
 Dispersal                Tloc           ########..   0%          6    None
 Freezing Cloud           Conj/Ice/Air   ########..   0%          6    None
 Hydra Form               Tmut           ########..   0%          6    None
 Invisibility             Hex            ########     0%          6    None
 Iron Shot                Conj/Erth      ########..   0%          6    None
 Ozocubu's Refrigeration  Ice            ########..   0%          6    None
 Poison Arrow             Conj/Pois      ########..   0%          6    None
 Shadow Creatures         Summ           N/A          0%          6    None
 Simulacrum               Ice/Necr       ########..   0%          6    None
 Dragon Form              Tmut           ########..   1%          7    None
 Haunt                    Necr/Summ      ########..   1%          7    None
 Malign Gateway           Summ/Tloc      ########..   1%          7    None
 Monstrous Menagerie      Summ           ########..   1%          7    None
 Orb of Destruction       Conj           ########..   1%          7    None
 Ring of Flames           Chrm/Fire      ########..   1%          7    None
 Spellforged Servitor     Conj/Summ      ########..   1%          7    None
 Summon Greater Demon     Summ           ########..   1%          7    None
 Summon Hydra             Summ           ########..   1%          7    None
 Borgnjor's Revivificati  Necr           ########..   1%          8    None
 Chain Lightning          Conj/Air       ########..   1%          8    None
 Death's Door             Chrm/Necr      ########..   1%          8    None
 Discord                  Hex            ########..   1%          8    None
 Disjunction              Tloc           ########..   1%          8    None
 Ignition                 Fire           ########..   1%          8    None
 Infestation              Necr           ########..   1%          8    None
 Dragon's Call            Summ           ########..   3%          9    None
 Shatter                  Erth           ########..   3%          9    None
 Tornado                  Air            ########..   3%          9    None
 Passage of Golubria      Tloc           Unusable     N/A         4    N/A

Dungeon Overview and Level Annotations

Branches:
Dungeon (15/15)            Temple (1/1) D:6            Lair (6/6) D:8
 Shoals (4/4) Lair:2        Snake (4/4) Lair:3        Slime (5/5) Lair:6
    Orc (2/2) D:11            Elf (3/3) Orc:2        Vaults (5/5) D:14
  Crypt (3/3) Vaults:3       Tomb (3/3) Crypt:3      Depths (5/5) D:15
   Hell (visited)             Dis (7/7) Hell            Geh (7/7) Hell
    Coc (7/7) Hell            Tar (7/7) Hell            Zot (5/5) Depths:5
  Sewer (visited)         Ossuary (visited)         Volcano (visited)
 WizLab (visited)

Altars:
Ashenzari
Dithmenos
Elyvilon
Gozag
Hepliaklqana
Kikubaaqudgha
Sif Muna
Trog
Uskayaw
Wu Jian
Xom
Zin
The Shining One
Lugonu

Shops:
D:13 !   Orc:2 !?[}(   Elf:2 **   Elf:3 ([   Shoals:3 *   Snake:1 [*(
Vaults:1 (   Vaults:2 (   Vaults:4 [   Vaults:5 :

Portals:
Hell: Depths:1 Depths:2 Depths:3 Depths:4 Depths:5
Abyss: Depths:3 Depths:4
Pandemonium: Depths:3
Ziggurat: Depths:3

Annotations:
D:5 2 runed translucent doors
Lair:1 2 runed translucent doors, Saltbearer's ghost, journeyman MiFi
Tar:7 Ereshkigal


Innate Abilities, Weirdness & Mutations

Your experience applies equally to all skills.
You have very sharp teeth.
Your uncanny sense of smell can sniff out nearby items.
You are somewhat resistant to further mutation.
You are robust. (+10% HP)
You are covered in fur. (AC +1)


Message History

You fly upwards.
There is a stone staircase leading down here.
There is a stone staircase leading up here.
You fly upwards.
There is a stone staircase leading down here.
You see here a +0 dagger.
You see here a +0 club.
A Brimstone Fiend comes into view.
There is a stone staircase leading up here.
You fly upwards.
There is a stone staircase leading down here.
You eat one of the 96 rations.
That ration really hit the spot!
You feel yourself speed up.
Your extra speed is starting to run out.
You feel yourself slow down.
Unknown command.
Unknown command.
There is a staircase leading out of the dungeon here.
You can't go down here!
You have escaped!

#.# #...#...###### #.#.#
#.#
##..#.#..###########.#..
#.#
#...#.#..............##.
#[#
#.#.#..#..#############.
#.# #.#.#...#.#### ###
#.###.#..#.......## #..
#.....#..#.#####..## #..
#######..#......#..##
#.. #..#.@#....#..# #..
#...#.#...#...# #..
#.....#.##..#.######..
#.#...#.........).....
#.#...#.....###.......
#.#..#...#### #.......
#.#.#....# #.......
#.#.#...## #.......
#..#...## #.......


There were no monsters in sight!

Vanquished Creatures
  Cerebov (Pan)
  Asmodeus (Geh:7)
  Antaeus (Coc:7)
  the Royal Jelly (Slime:5)
  Gloorx Vloq (Pan)
  Mnoleg (Pan)
  the Serpent of Hell (Dis:7)
  Lom Lobon (Pan)
  6 orbs of fire
  7 ancient liches
  Dispater (Dis:7)
  Mennas (Depths:5)
  2 juggernauts
  Mara (Shoals:3)
  29 greater mummies
  Boris (Tomb:3)
  6 Killer Klowns (Zot:5)
  Margery (Depths:3)
  14 shard shrikes
  2 curse toes (Zot:1)
  Frederick (Depths:3)
  3 caustic shrikes (Depths:2)
  Geryon (Hell)
  16 bone dragons
  14 golden dragons
  A mutant beast (WizLab)
  Nikola (Shoals:1)
  A profane servitor (Abyss:3)
  Jory (Tomb:3)
  The ghost of TuffENuff the Warrior, an adept FoFi of Cheibriados (Snake:1)
  59 Brimstone Fiends
  4 electric golems
  11 doom hounds
  8 iron giants (Dis:7)
  2 hellephants
  33 Tzitzimimeh
  27 tentacled monstrosities
  28 Orb Guardians
  15 liches
  25 Ice Fiends
  3 titans
  20 acid blobs
  18 quicksilver dragons
  Murray (Depths:1)
  14 Hell Sentinels
  2 krakens
  Polyphemus (Shoals:3)
  12 death cobs
  33 Executioners
  15 ancient champions
  A deep elf master archer (Elf:3)
  6 tentacled starspawn
  4 eldritch tentacles
  12 sphinxes
  16 pandemonium lords
  22 shadow dragons
  The ghost of Saltbearer the Grappler, an adept TrFi of Hepliaklqana (Snake:1)
  The ghost of Saltbearer the Warrior, an adept MiNe of Hepliaklqana (Snake:1)
  12 storm dragons
  3 revenants
  Roxanne (Shoals:3)
  6 nagarajas (Snake:4)
  5 draconian monks
  8 azure jellies
  10 frost giants
  3 draconian knights
  7 tengu reavers
  15 fire giants
  Ilsuiw (Shoals:3)
  The ghost of Tedone the Warrior, a journeyman DsFi of Okawaru (Elf:2)
  The ghost of Peloso the Peltast, a journeyman MiFi of Okawaru (Snake:1)
  5 ghost moths
  56 balrugs
  Aizul (Snake:3)
  11 warmongers (Pan)
  8 iron dragons
  12 vault wardens
  8 deep elf sorcerers
  11 black suns (Pan)
  2 draconian shifters (Zot:1)
  8 draconian scorchers
  3 elemental wellsprings (Coc:7)
  32 cacodemons
  6 curse skulls
  7 deep elf elementalists
  Louise (Depths:3)
  An angel (Pan)
  7 draconian stormcallers
  13 stone giants
  A ghoul (Vaults:4)
  23 war gargoyles
  A juggernaut zombie (Depths:3)
  104 reapers
  8 draconian annihilators
  4 spriggan defenders
  20 ironheart preservers
  16 vampire knights
  35 very ugly things
  11 blood saints (Pan)
  2 starcursed masses
  8 corrupters (Pan)
  8 bennus
  9 black draconians
  11 purple draconians
  7 yellow draconians
  7 deep elf demonologists
  9 green draconians
  27 lorocyprocas
  7 spark wasps
  10 deep elf annihilators
  5 white draconians
  2 eidola
  12 red draconians
  36 blizzard demons
  13 ettins
  22 green deaths
  7 deep elf death magi
  6 quicksilver dragon zombies
  6 merfolk javelineers
  21 mummy priests
  8 merfolk impalers
  8 death oozes (Slime:5)
  16 yaktaur captains
  8 fire dragons
  Erolcha (D:9)
  3 deep elf high priests
  11 jiangshi
  4 great orbs of eyes
  12 ogre magi
  3 quicksilver dragon skeletons
  26 ice dragons
  14 naga warriors
  3 hell beasts
  8 rakshasas
  2 juggernaut simulacra (Pan)
  31 vault guards
  2 ghost crabs
  13 monstrous demonspawn (Pan)
  7 hydras
  3 spriggan air magi
  2 merfolk avatars
  3 merfolk aquamancers
  4 catoblepae
  25 two-headed ogres
  4 death knights
  8 centaur warriors
  71 hell hogs
  10 deep troll earth magi
  18 anacondas
  A queen ant (shapeshifter) (Vaults:5)
  34 dancing weapons
  7 tengu warriors
  11 death yaks
  11 vampire magi
  4 satyrs
  10 deep troll shamans
  13 naga sharpshooters
  3 orc high priests (Orc:2)
  15 titan zombies
  18 deep elf knights
  4 thrashing horrors
  5 shock serpents
  A shock serpent (shapeshifter) (Vaults:2)
  14 spriggan berserkers
  9 storm dragon zombies
  5 titan skeletons
  8 iron golems
  7 salamander mystics
  105 sun demons
  209 skeletal warriors
  94 soul eaters
  15 iron trolls
  113 hell knights
  A fire crab (shapeshifter) (D:15)
  An unseen horror (shapeshifter) (Elf:1)
  An entropy weaver zombie (Crypt:2)
  4 golden dragon zombies
  44 sixfirhies
  16 anaconda zombies
  A spatial maelstrom (Abyss:3)
  3 death drakes
  4 unseen horrors
  5 glowing orange brains
  11 sea snakes
  29 deep trolls
  9 infernal demonspawn (Pan)
  27 shadow wraiths
  7 storm dragon skeletons
  15 gelid demonspawn (Pan)
  36 shadow demons
  18 flayed ghosts
  2 ghost moth zombies
  13 torturous demonspawn (Pan)
  18 ironbrand convokers
  A kraken simulacrum (Coc:7)
  10 shadow dragon zombies
  2 tengu zombies
  22 deep elf archers
  An obsidian statue (Elf:2)
  8 golden dragon skeletons
  13 wizards
  5 lindwurms
  12 naga ritualists
  7 anaconda skeletons
  15 harpies
  A wolf spider (shapeshifter) (WizLab)
  43 necromancers
  18 orc knights
  36 phantasmal warriors
  A sphinx zombie (Crypt:1)
  10 orc sorcerers
  17 frost giant zombies
  25 mana vipers
  5 iron dragon zombies
  11 wolf spider zombies
  An oklob plant (Lair:3)
  A mana viper (shapeshifter) (Depths:4)
  3 orb spiders (shapeshifter)
  80 deep elf magi
  4 cyclopes
  17 fauns
  9 salamanders
  3 shining eyes
  22 manticores
  A cyclops (shapeshifter) (Vaults:1)
  6 elephants (Lair:5)
  9 shadow dragon skeletons
  22 moths of wrath
  A salamander (shapeshifter) (Depths:2)
  52 ugly things
  3 wolf spiders
  48 black mambas
  10 stone giant zombies
  14 fire giant zombies
  7 guardian serpents
  7 human skeletons
  3 titan simulacra (Coc:7)
  9 stone giant skeletons
  11 merfolk sirens
  A toenail golem (Volcano)
  20 fire giant skeletons
  19 naga magi
  7 shock serpent zombies
  9 frost giant skeletons
  A guardian serpent (shapeshifter) (WizLab)
  44 orange demons
  7 eyes of devastation
  14 iron dragon skeletons
  106 smoke demons
  Joseph (Lair:1)
  15 vault sentinels
  9 water nymphs
  5 ice statues (Pan)
  7 centaur skeletons
  16 molten gargoyles
  72 rust devils
  A spiny frog (shapeshifter) (Depths:2)
  5 spiny frogs
  5 dire elephant skeletons
  6 dire elephant zombies
  5 gargoyles
  2 shock serpent skeletons
  A torpor snail (shapeshifter) (Depths:2)
  4 yaktaur zombies
  92 tormentors
  2 storm dragon simulacra
  A purple draconian zombie (Geh:5)
  A black draconian zombie (Geh:3)
  2 catoblepas zombies (Geh:7)
  A rime drake (Lair:4)
  3 kobold demonologists
  26 freezing wraiths
  6 emperor scorpion zombies
  48 demonic crawlers
  21 efreet
  2 yaktaurs (shapeshifter)
  A minotaur skeleton (Dis:5)
  An anaconda simulacrum (Coc:7)
  46 guardian mummies
  A yaktaur skeleton (Vaults:2)
  25 hellwings (Pan)
  A sea snake zombie (Crypt:1)
  51 yaktaurs
  5 komodo dragons
  A white draconian skeleton (Crypt:1)
  38 ice devils
  A sea snake skeleton (Crypt:2)
  66 hellions
  2 tengu conjurers
  2 elves (WizLab)
  97 red devils
  3 iron troll zombies (Dis:1)
  2 ancient zymes
  5 harpy zombies
  3 meliai (D:12)
  4 queen bees (shapeshifter)
  3 silent spectres
  4 iron troll skeletons
  5 polar bears
  3 catoblepas skeletons
  17 hydra zombies
  A queen bee (D:12)
  7 trolls
  23 merfolk
  A troll (shapeshifter) (WizLab)
  A jumping spider (shapeshifter) (Depths:3)
  6 hornets (shapeshifter)
  Prince Ribbit (D:7)
  A raiju (shapeshifter) (D:15)
  3 wind drakes
  9 hornets
  A polar bear (shapeshifter) (WizLab)
  4 raiju (Abyss:3)
  2 wind drakes (shapeshifter) (WizLab)
  6 fire dragon zombies
  A guardian serpent zombie (Crypt:1)
  A shadow dragon simulacrum (Coc:7)
  3 deep troll zombies (Hell)
  50 slime creatures
  3 wolf spider simulacra
  6 harpy skeletons
  4 spriggan zombies
  9 alligator zombies
  9 blink frogs
  14 hippogriffs
  A dream sheep (shapeshifter) (Depths:2)
  10 small abominations
  5 blink frogs (shapeshifter)
  A meliai zombie (D:13)
  A slime creature (shapeshifter) (Depths:2)
  10 dream sheep
  2 hippogriffs (shapeshifter) (WizLab)
  13 hydra skeletons
  7 snapping turtles
  8 ice dragon zombies
  2 centaur simulacra
  174 flying skulls
  18 ettin zombies
  A vampire (D:14)
  92 large abominations
  Sigmund (D:3)
  4 alligator skeletons
  9 ettin skeletons
  2 tarantellas (shapeshifter)
  59 wraiths
  2 yaks (shapeshifter) (WizLab)
  47 shadows
  22 water elementals
  8 ice dragon skeletons
  5 spriggans
  6 ushabtiu
  3 black mamba zombies
  4 wyverns
  39 ynoxinuls
  3 black mamba skeletons
  6 fire dragon skeletons
  2 hogs (shapeshifter)
  4 air elementals
  A basilisk (shapeshifter) (WizLab)
  60 yaks
  2 golden eyes (Pan)
  Grum (D:8)
  42 neqoxecs
  57 fire elementals
  A golden eye (shapeshifter) (WizLab)
  6 basilisks
  A human (WizLab)
  14 hungry ghosts
  A steam dragon (D:9)
  47 chaos spawn
  4 vampire mosquitoes (D:15)
  4 wargs
  38 nagas
  10 water moccasins
  4 spatial vortices
  4 acid dragons
  A floating eye (shapeshifter) (WizLab)
  2 swamp worms (Lair:5)
  4 hydra simulacra
  6 porcupines
  16 spiny frog zombies
  Duvessa (D:7)
  135 hell hounds
  2 merfolk skeletons
  Purgy (Sewer)
  2 black bears (shapeshifter)
  7 floating eyes
  2 sky beasts
  3 ettin simulacra
  An alligator simulacrum (Hell)
  An eye of draining (shapeshifter) (Depths:5)
  An ice dragon simulacrum (Tomb:3)
  35 orc warriors
  7 black bears
  32 necrophages
  2 manticore zombies
  10 ice beasts
  12 phantoms
  5 spiny frog skeletons
  A fire dragon simulacrum (Tar:4)
  A swamp dragon zombie (Geh:3)
  11 boggarts
  18 centaurs
  29 ogres
  7 snapping turtle zombies
  3 eyes of draining
  11 wolves
  4 swamp dragon skeletons
  14 crocodiles
  2 manticore skeletons
  16 snapping turtle skeletons
  20 big kobolds
  A komodo dragon zombie (Crypt:2)
  An octopode zombie (Crypt:1)
  Blork the orc (D:6)
  5 earth elementals
  An elf zombie (Crypt:2)
  23 bullfrogs
  Dowan (D:7)
  A water moccasin skeleton (D:9)
  21 scorpions
  A troll zombie (Dis:3)
  An elf simulacrum (Vaults:2)
  42 killer bees
  A vampire bat (D:11)
  A spriggan skeleton (Crypt:3)
  113 wights
  An electric eel (Lair:4)
  A troll skeleton (Geh:1)
  6 howler monkeys
  25 crimson imps
  A wolf skeleton (Crypt:1)
  A human simulacrum (Vaults:3)
  8 centaur zombies
  3 jellies
  8 hounds
  13 human zombies
  20 orc priests
  2 bullfrog skeletons
  A gnoll shaman (D:8)
  61 iron imps
  6 iguanas
  34 orc wizards
  6 hell rats (Hell)
  9 worker ants
  An ogre zombie (Crypt:1)
  2 naga zombies
  2 ogre skeletons
  2 naga skeletons
  55 mummies
  2 worker ant zombies (D:10)
  18 adders
  9 gnolls
  4 scorpion zombies (Ossuary)
  A tengu simulacrum (Coc:7)
  15 shadow imps
  15 white imps
  An ooze (D:5)
  A halfling skeleton (Crypt:2)
  A lava snake zombie (Crypt:2)
  An adder skeleton (D:4)
  5 worms
  2 dart slugs (D:1)
  5 leopard geckos
  113 orcs
  A ball python (D:5)
  15 bats
  6 giant cockroaches
  3 gnoll zombies (Ossuary)
  9 goblins
  9 hobgoblins
  17 jackals
  7 quokkas
  9 frilled lizards
  A goblin skeleton (Crypt:1)
  4 goblin zombies (Ossuary)
  3 hobgoblin zombies (Ossuary)
  2 jackal skeletons
  26 kobolds
  2 kobold skeletons (Crypt:2)
  A kobold zombie (Ossuary)
  A leopard gecko zombie (D:5)
  2 orc skeletons
  An orc zombie (Crypt:2)
  A quokka zombie (Crypt:2)
  8 rats
  10 blocks of ice
  3 bushes (Shoals:3)
  A butterfly (Lair:3)
  A crawling corpse (Vaults:5)
  13 fire vortices
  A fungus (Elf:2)
  38 plants
  3 starspawn tentacles
  6 tentacles
6463 creatures vanquished.

Vanquished Creatures (collateral kills)
  A greater mummy (Tomb:3)
  A Killer Klown (Zot:5)
  A golden dragon (Zot:5)
  A lich (Depths:2)
  A bone dragon (Tar:7)
  A Brimstone Fiend (Pan)
  7 tentacled monstrosities
  An Ice Fiend (Pan)
  A Hell Sentinel (Dis:7)
  2 quicksilver dragons
  3 titans
  A pandemonium lord (Pan)
  2 sphinxes (Vaults:5)
  A storm dragon (Vaults:5)
  3 tengu reavers
  3 shadow dragons
  2 cacodemons (Pan)
  6 vault wardens (Vaults:5)
  3 fire giants
  2 frost giants
  A warmonger (Pan)
  An ironheart preserver (Vaults:5)
  A deep elf elementalist (Vaults:5)
  7 reapers
  3 stone giants
  3 war gargoyles
  A green draconian (Depths:5)
  A deep elf annihilator (Vaults:5)
  A spark wasp (Depths:2)
  A green death (Pan)
  2 ettins
  A blizzard demon (Pan)
  3 yaktaur captains
  An ogre mage (Vaults:5)
  2 deep elf high priests (Vaults:5)
  4 fire dragons
  An ice dragon (Depths:5)
  2 great orbs of eyes
  A naga warrior (Snake:3)
  A rakshasa (Depths:3)
  7 vault guards (Vaults:5)
  2 spriggan air magi
  A centaur warrior (Depths:1)
  An anaconda (Snake:2)
  3 two-headed ogres
  4 hell hogs (Hell)
  A deep troll shaman (Depths:5)
  2 deep troll earth magi
  A spriggan berserker (Depths:1)
  2 sun demons
  A skeletal warrior (Dis:1)
  2 soul eaters
  A titan skeleton (Tar:7)
  2 shadow wraiths (Tar:7)
  5 hell knights
  A sixfirhy (Pan)
  A flayed ghost (Vaults:5)
  14 deep trolls
  A wizard (Depths:2)
  A deep elf archer (Vaults:5)
  An anaconda skeleton (Hell)
  3 glowing orange brains
  A fire giant zombie (Hell)
  2 phantasmal warriors (Vaults:5)
  An orc knight (Vaults:5)
  2 oklob plants (Lair:4)
  3 deep elf magi (Vaults:5)
  3 harpies (Vaults:5)
  4 ugly things (Depths:1)
  A moth of wrath (Zot:1)
  2 black mambas
  A fire giant skeleton (Depths:3)
  A vault sentinel (Vaults:5)
  2 rust devils
  A freezing wraith (Vaults:5)
  A komodo dragon (Lair:6)
  4 yaktaurs
  A tormentor (Dis:3)
  A hydra zombie (Hell)
  A demonic crawler (Lair:5)
  3 flying skulls (Tar:7)
  2 large abominations (Pan)
  A ynoxinul (Pan)
  A chaos spawn (Pan)
  A wraith (Vaults:5)
  3 neqoxecs (Pan)
  2 yaks (Lair:4)
  4 golden eyes (Pan)
  A naga (Snake:3)
  2 ogres (Vaults:5)
  A crocodile (Lair:5)
  A bullfrog (D:6)
  4 crimson imps (D:4)
  2 mummies (Tomb:3)
  An orc (D:11)
  A leopard gecko skeleton (D:6)
  2 crawling corpses (Vaults:5)
  A plant (Lair:5)
203 creatures vanquished.

Vanquished Creatures (others)
  Khufu (Tomb:2)
  A lich (Tomb:2)
  3 eldritch tentacles
  A vault warden (Vaults:2)
  A draconian annihilator (Pan)
  2 elemental wellsprings (Coc:7)
  A war gargoyle (Crypt:3)
  4 stone giants
  A blood saint (Pan)
  2 green deaths (Pan)
  3 blizzard demons
  5 yaktaur captains
  A naga warrior (Snake:4)
  5 centaur warriors
  A tengu warrior (Depths:2)
  10 hell hogs
  A deep troll earth mage (Depths:2)
  3 naga sharpshooters
  2 deep elf knights
  A sun demon (Pan)
  A shadow wraith (Vaults:4)
  2 wizards (Pan)
  5 deep elf archers
  A manticore (Shoals:1)
  2 cyclopes
  A vault sentinel (Vaults:4)
  A tormentor (Tar:2)
  20 yaktaurs
  A merfolk (Shoals:4)
  4 flying skulls
  A yak (D:13)
  3 wraiths
  2 fire elementals
  2 chaos spawn (Pan)
  A naga (Snake:4)
  3 hell hounds
  7 centaurs
  4 wights
  A crimson imp (Geh:1)
  An iron imp (Dis:7)
  A white imp (Geh:5)
  8 ball lightnings (Pan)
  An orc (Vaults:3)
  A kobold zombie (Geh:6)
  An orc skeleton (Geh:7)
  An orc zombie (Geh:1)
  68 blocks of ice
  A bush (Shoals:3)
  90 fire vortices
  8 fungi
  A lurking horror (Abyss:3)
  69 plants
  11 starspawn tentacles
  6 tentacles
  30 withered plants
409 creatures vanquished.

Grand Total: 7075 creatures vanquished

Notes
Turn   | Place    | Note
-------+----------+-------------------------------------------
     0 | D:1      | fritzmikael the Gnoll Wizard began the quest for the Orb.
     0 | D:1      | Reached XP level 1. HP: 13/13 MP: 8/8
   236 | D:1      | Reached XP level 2. HP: 19/19 MP: 7/10
   242 | D:1      | Learned a level 2 spell: Blink
   245 | D:1      | Learned a level 2 spell: Call Imp
   379 | D:1      | Reached XP level 3. HP: 25/25 MP: 6/11
  1184 | D:2      | Reached skill level 1 in Invocations
  1242 | D:2      | Learned a level 3 spell: Conjure Flame
  1246 | D:2      | Learned a level 3 spell: Mephitic Cloud
  1541 | D:2      | Reached skill level 1 in Fighting
  1541 | D:2      | Reached skill level 1 in Short Blades
  1541 | D:2      | Reached skill level 1 in Long Blades
  1541 | D:2      | Reached skill level 1 in Axes
  1541 | D:2      | Reached skill level 1 in Maces & Flails
  1541 | D:2      | Reached skill level 1 in Polearms
  1541 | D:2      | Reached skill level 1 in Staves
  1541 | D:2      | Reached skill level 1 in Slings
  1541 | D:2      | Reached skill level 1 in Bows
  1541 | D:2      | Reached skill level 1 in Crossbows
  1541 | D:2      | Reached skill level 1 in Throwing
  1541 | D:2      | Reached skill level 1 in Armour
  1541 | D:2      | Reached skill level 1 in Shields
  1541 | D:2      | Reached skill level 1 in Unarmed Combat
  1541 | D:2      | Reached skill level 1 in Evocations
  1582 | D:2      | Reached XP level 4. HP: 32/32 MP: 5/13
  2419 | D:3      | Reached skill level 1 in Hexes
  2419 | D:3      | Reached skill level 1 in Charms
  2419 | D:3      | Reached skill level 1 in Necromancy
  2419 | D:3      | Reached skill level 1 in Transmutations
  2419 | D:3      | Reached skill level 1 in Fire Magic
  2419 | D:3      | Reached skill level 1 in Ice Magic
  2419 | D:3      | Reached skill level 1 in Air Magic
  2419 | D:3      | Reached skill level 1 in Earth Magic
  2419 | D:3      | Reached skill level 1 in Poison Magic
  2775 | D:3      | Noticed Sigmund
  2798 | D:3      | Killed Sigmund
  2798 | D:3      | Reached XP level 5. HP: 35/38 MP: 2/14
  2798 | D:3      | Reached XP level 6. HP: 40/44 MP: 2/16
  3167 | D:4      | Reached skill level 5 in Dodging
  3254 | D:4      | Found a shimmering altar of Xom.
  3306 | D:4      | Reached XP level 7. HP: 41/50 MP: 18/18
  3371 | D:5      | Entered Level 5 of the Dungeon
  3406 | D:5      | Got a coiled silver ring
  3409 | D:5      | Identified the ring "Sihof" {rN+ Dex+6} (You found it on
                  | level 5 of the Dungeon)
  3438 | D:6      | Found a glowing drain.
  3488 | Sewer    | Entered a sewer
  3645 | Sewer    | Noticed Purgy
  3697 | Sewer    | Killed Purgy
  3845 | D:6      | Found a staircase to the Ecumenical Temple.
  3852 | Temple   | Entered the Ecumenical Temple
  3880 | Temple   | Became a worshipper of Sif Muna the Loreminder
  4280 | D:4      | Reached skill level 5 in Stealth
  4840 | D:4      | Reached XP level 8. HP: 50/57 MP: 19/19
  6094 | D:5      | Found a runed translucent door.
  6098 | D:5      | Reached * piety under Sif Muna
  6203 | D:5      | Found a runed translucent door.
  7227 | D:6      | Got an ancient quarterstaff
  7228 | D:6      | Identified the +5 quarterstaff of Valour {crush, rC+ rN+
                  | MR+ Int+3} (You found it on level 6 of the Dungeon)
  7262 | D:6      | Noticed Blork the orc
  7372 | D:6      | Found a glowing golden altar of the Shining One.
  7492 | D:6      | Killed Blork the orc
  7684 | D:7      | Reached XP level 9. HP: 64/65 MP: 1/21
  8068 | D:7      | Reached ** piety under Sif Muna
  8482 | D:7      | Noticed Prince Ribbit
  8594 | D:7      | Killed Prince Ribbit
  8811 | D:7      | Noticed Dowan
  8811 | D:7      | Noticed Duvessa
  8819 | D:7      | Killed Duvessa
  8822 | D:7      | Killed Dowan
  8887 | D:7      | Reached skill level 5 in Invocations
  9122 | D:8      | Reached XP level 10. HP: 61/73 MP: 5/22
  9238 | D:8      | Found a sand-covered staircase.
  9238 | D:8      | Noticed Grum
  9250 | Ossuary  | Entered an ossuary
  9344 | Ossuary  | Reached *** piety under Sif Muna
  9614 | Ossuary  | Reached skill level 5 in Fighting
  9614 | Ossuary  | Reached skill level 5 in Short Blades
  9614 | Ossuary  | Reached skill level 5 in Long Blades
  9614 | Ossuary  | Reached skill level 5 in Axes
  9614 | Ossuary  | Reached skill level 5 in Maces & Flails
  9614 | Ossuary  | Reached skill level 5 in Polearms
  9614 | Ossuary  | Reached skill level 5 in Staves
  9614 | Ossuary  | Reached skill level 5 in Slings
  9614 | Ossuary  | Reached skill level 5 in Bows
  9614 | Ossuary  | Reached skill level 5 in Crossbows
  9614 | Ossuary  | Reached skill level 5 in Throwing
  9614 | Ossuary  | Reached skill level 5 in Armour
  9614 | Ossuary  | Reached skill level 5 in Shields
  9614 | Ossuary  | Reached skill level 5 in Unarmed Combat
  9614 | Ossuary  | Reached skill level 5 in Evocations
 10537 | D:8      | Killed Grum
 10543 | D:8      | Reached **** piety under Sif Muna
 11030 | D:8      | Reached skill level 5 in Conjurations
 11030 | D:8      | Reached skill level 5 in Summonings
 11030 | D:8      | Reached skill level 5 in Translocations
 11045 | D:8      | Noticed a kobold demonologist
 11070 | D:8      | Killed a kobold demonologist
 11295 | D:8      | Found a staircase to the Lair.
 11633 | Lair:1   | Entered Level 1 of the Lair of Beasts
 11633 | Lair:1   | Noticed a spiny frog
 11670 | D:8      | Killed a spiny frog
 11756 | Lair:1   | Noticed Joseph
 11771 | Lair:1   | Killed Joseph
 11771 | Lair:1   | Reached XP level 11. HP: 71/81 MP: 17/24
 11999 | Lair:1   | Reached ***** piety under Sif Muna
 12408 | Lair:1   | Reached skill level 5 in Hexes
 12408 | Lair:1   | Reached skill level 5 in Charms
 12408 | Lair:1   | Reached skill level 5 in Necromancy
 12408 | Lair:1   | Reached skill level 5 in Transmutations
 12408 | Lair:1   | Reached skill level 5 in Fire Magic
 12408 | Lair:1   | Reached skill level 5 in Ice Magic
 12408 | Lair:1   | Reached skill level 5 in Air Magic
 12408 | Lair:1   | Reached skill level 5 in Earth Magic
 12408 | Lair:1   | Reached skill level 5 in Poison Magic
 12708 | Lair:1   | Identified Otubecuwn's Tome of the Escort and Hexes (Sif
                  | Muna gifted it to you on level 1 of the Lair of Beasts)
 12708 | Lair:1   | Received a gift from Sif Muna
 12882 | Lair:1   | Found a large runed translucent door.
 12882 | Lair:1   | Found a large runed translucent door.
 12883 | Lair:1   | Noticed Saltbearer's ghost (journeyman MiFi)
 12891 | Lair:1   | Learned a level 5 spell: Lee's Rapid Deconstruction
 13297 | Lair:2   | Noticed a five-headed hydra
 13317 | Lair:2   | Killed a five-headed hydra
 13718 | Lair:1   | Learned a level 5 spell: Bolt of Magma
 13724 | Lair:1   | Learned a level 5 spell: Iskenderun's Battlesphere
 14488 | Lair:2   | Noticed an eight-headed hydra
 14522 | Lair:2   | Killed an eight-headed hydra
 14522 | Lair:2   | Reached XP level 12. HP: 89/89 MP: 4/25
 14731 | Lair:2   | Found a staircase to the Shoals.
 14932 | Lair:3   | Got a dazzling mace
 15271 | Lair:3   | Identified the +3 mace of Annoyance {pain, Dex+2} (You
                  | found it on level 3 of the Lair of Beasts)
 15306 | Lair:3   | Reached skill level 10 in Spellcasting
 15475 | Lair:3   | HP: 3/89 [black mamba (6)]
 15957 | Lair:3   | Found a staircase to the Snake Pit.
 17146 | Lair:4   | Noticed a seven-headed hydra
 17173 | Lair:4   | Killed a seven-headed hydra
 17245 | Lair:4   | Found a dark tunnel.
 17250 | Volcano  | Entered a volcano
 17931 | Lair:4   | Learned a level 4 spell: Summon Ice Beast
 18484 | Lair:4   | Learned a level 3 spell: Regeneration
 18662 | Lair:4   | Learned a level 4 spell: Animate Dead
 19381 | Lair:4   | Reached XP level 13. HP: 70/98 MP: 23/27
 20810 | Lair:4   | Learned a level 5 spell: Irradiate
 21349 | Lair:5   | Identified Dispater's Tome of Calling (Sif Muna gifted it
                  | to you on level 5 of the Lair of Beasts)
 21349 | Lair:5   | Received a gift from Sif Muna
 21973 | Lair:6   | Entered Level 6 of the Lair of Beasts
 22271 | Lair:5   | Learned a level 3 spell: Stone Arrow
 24107 | Lair:6   | Found a staircase to the Slime Pits.
 24396 | Lair:5   | Reached XP level 14. HP: 20/106 MP: 7/29
 25172 | Lair:6   | Found the +2 robe of Vines {NoPotionHeal Regen+7}
 25809 | D:9      | Noticed Erolcha
 25814 | D:9      | Killed Erolcha
 25814 | D:9      | Reached skill level 10 in Dodging
 26457 | D:10     | Entered Level 10 of the Dungeon
 26678 | D:10     | Identified Sif Muna's Almanac of Lightness (Sif Muna gifted
                  | it to you on level 10 of the Dungeon)
 26678 | D:10     | Received a gift from Sif Muna
 27073 | D:10     | Learned a level 6 spell: Statue Form
 27182 | D:10     | Identified a scroll of acquirement
 27681 | D:11     | Reached skill level 10 in Stealth
 27747 | D:11     | Found a staircase to the Orcish Mines.
 27996 | D:11     | Found Rutiny's Food Shoppe.
 28552 | Snake:1  | Entered Level 1 of the Snake Pit
 28569 | Snake:1  | Received a gift from Sif Muna
 28569 | Snake:1  | Reached skill level 10 in Invocations
 29104 | Snake:1  | Found Puudd's Antique Weapon Boutique.
 29113 | Snake:1  | Found Johuzumi's Food Boutique.
 29113 | Snake:1  | Found Feppidd's Antique Armour Shop.
 29118 | Snake:1  | Found Tiske's General Store.
 29124 | Snake:1  | Bought a scroll of teleportation for 39 gold pieces
 29124 | Snake:1  | Bought a scroll of summoning for 123 gold pieces
 29235 | Snake:1  | Identified the +1 ring mail of Resonance {+Blink SInv} (You
                  | found it on level 1 of the Snake Pit)
 29434 | Snake:1  | Reached XP level 15. HP: 114/114 MP: 13/30
 29850 | Snake:1  | Found a runed translucent gate.
 29853 | Snake:1  | Found a runed translucent gate.
 29853 | Snake:1  | Found a runed translucent gate.
 29855 | Snake:1  | Noticed Saltbearer's ghost (adept MiNe)
 29855 | Snake:1  | Noticed TuffENuff's ghost (adept FoFi)
 29980 | Snake:1  | Got a crude turquoise ring
 30008 | Snake:1  | Identified the ring "Senesulip" {AC+3 Str+4 Dex+4 Slay-2}
                  | (You found it on level 1 of the Snake Pit)
 30106 | Snake:1  | Noticed Saltbearer's ghost (adept TrFi)
 30107 | Snake:1  | Noticed Peloso's ghost (journeyman MiFi)
 30906 | Snake:2  | Identified the +9 falchion of Evil {pain, Int+2 SInv}
 31468 | Snake:3  | Reached skill level 10 in Fighting
 31468 | Snake:3  | Reached skill level 10 in Short Blades
 31468 | Snake:3  | Reached skill level 10 in Long Blades
 31468 | Snake:3  | Reached skill level 10 in Axes
 31468 | Snake:3  | Reached skill level 10 in Maces & Flails
 31468 | Snake:3  | Reached skill level 10 in Polearms
 31468 | Snake:3  | Reached skill level 10 in Staves
 31468 | Snake:3  | Reached skill level 10 in Slings
 31468 | Snake:3  | Reached skill level 10 in Bows
 31468 | Snake:3  | Reached skill level 10 in Crossbows
 31468 | Snake:3  | Reached skill level 10 in Throwing
 31468 | Snake:3  | Reached skill level 10 in Armour
 31468 | Snake:3  | Reached skill level 10 in Shields
 31468 | Snake:3  | Reached skill level 10 in Unarmed Combat
 31468 | Snake:3  | Reached skill level 10 in Evocations
 31628 | Snake:3  | Noticed Aizul
 31648 | Snake:3  | Identified Sif Muna's Volume of Augmentations and
                  | Confrontation (Sif Muna gifted it to you on level 3 of the
                  | Snake Pit)
 31648 | Snake:3  | Received a gift from Sif Muna
 31655 | Snake:3  | Killed Aizul
 32388 | Snake:3  | Reached XP level 16. HP: 121/123 MP: 6/32
 32673 | Snake:3  | Learned a level 6 spell: Freezing Cloud
 32844 | Shoals:1 | Entered Level 1 of the Shoals
 32987 | Shoals:1 | Found a gateway to a bazaar.
 33004 | Bazaar   | Entered a bazaar
 33018 | Bazaar   | Found Moegom's Jewellery Shoppe.
 33022 | Bazaar   | Bought an uncursed ring of poison resistance for 280 gold
                  | pieces
 33035 | Bazaar   | Found Oddu's Book Emporium.
 33040 | Bazaar   | Bought a book of Flames for 245 gold pieces
 33053 | Bazaar   | Found Kenothyq's Book Shoppe.
 33057 | Bazaar   | Bought a book of Annihilations for 993 gold pieces
 33057 | Bazaar   | Bought a book of Dreams for 675 gold pieces
 33057 | Bazaar   | Bought a book of Air for 315 gold pieces
 33068 | Bazaar   | Found Gin Zog's Distillery.
 33068 | Bazaar   | Found Edio's Gadget Shoppe.
 33078 | Bazaar   | Bought a potion of haste for 170 gold pieces
 33078 | Bazaar   | Bought a potion of cancellation for 136 gold pieces
 33078 | Bazaar   | Bought a potion of cancellation for 136 gold pieces
 33078 | Bazaar   | Bought a potion of curing for 51 gold pieces
 33078 | Bazaar   | Bought a potion of cancellation for 136 gold pieces
 33078 | Bazaar   | Bought a potion of brilliance for 68 gold pieces
 33078 | Bazaar   | Bought a potion of invisibility for 136 gold pieces
 33078 | Bazaar   | Bought a potion of curing for 51 gold pieces
 33078 | Bazaar   | Bought a potion of curing for 51 gold pieces
 33078 | Bazaar   | Bought a potion of heal wounds for 85 gold pieces
 33113 | Bazaar   | Learned a level 5 spell: Borgnjor's Vile Clutch
 33128 | Shoals:1 | Learned a level 2 spell: Throw Flame
 33133 | Shoals:1 | Noticed Nikola
 33157 | Shoals:1 | Killed Nikola
 33651 | Shoals:1 | Identified Sif Muna's Volume of Evil Poison (Sif Muna
                  | gifted it to you on level 1 of the Shoals)
 33651 | Shoals:1 | Received a gift from Sif Muna
 34197 | Shoals:2 | You fall into a shaft and drop 1 floor!
 34264 | Shoals:3 | Identified Roxanne's Tome of Transmutation
 34264 | Shoals:3 | Noticed Roxanne
 34417 | Shoals:3 | Killed Roxanne
 34576 | Shoals:3 | Noticed Mara
 34580 | Shoals:3 | Noticed fritzmikael's illusion
 34587 | Shoals:3 | Noticed fritzmikael's illusion
 34587 | Shoals:3 | Killed Mara
 35201 | Shoals:2 | Identified the Collected Works on Entrancing Earth
 35716 | Shoals:3 | Found Cuegydi's Mass Market.
 35716 | Shoals:3 | Noticed Ilsuiw
 35743 | Shoals:3 | Killed Ilsuiw
 35743 | Shoals:3 | Reached XP level 17. HP: 131/131 MP: 7/33
 36131 | Shoals:3 | Noticed a kraken
 36141 | Shoals:3 | Killed a kraken
 36169 | Shoals:3 | Noticed Polyphemus
 36309 | Shoals:3 | Killed Polyphemus
 36637 | Shoals:4 | Entered Level 4 of the Shoals
 37168 | Shoals:4 | Reached skill level 10 in Conjurations
 37168 | Shoals:4 | Reached skill level 10 in Summonings
 37168 | Shoals:4 | Reached skill level 10 in Translocations
 37219 | Shoals:4 | Identified Sif Muna's Collected Works on Beguiling (Sif
                  | Muna gifted it to you on level 4 of the Shoals)
 37219 | Shoals:4 | Received a gift from Sif Muna
 38248 | Shoals:4 | Noticed a kraken
 38256 | Shoals:4 | Killed a kraken
 38735 | Shoals:4 | Got a barnacled rune of Zot
 39020 | Snake:4  | Entered Level 4 of the Snake Pit
 39056 | Snake:4  | Reached skill level 10 in Hexes
 39056 | Snake:4  | Reached skill level 10 in Charms
 39056 | Snake:4  | Reached skill level 10 in Necromancy
 39056 | Snake:4  | Reached skill level 10 in Transmutations
 39056 | Snake:4  | Reached skill level 10 in Fire Magic
 39056 | Snake:4  | Reached skill level 10 in Ice Magic
 39056 | Snake:4  | Reached skill level 10 in Air Magic
 39056 | Snake:4  | Reached skill level 10 in Earth Magic
 39056 | Snake:4  | Reached skill level 10 in Poison Magic
 39321 | Snake:4  | Reached XP level 18. HP: 139/139 MP: 24/35
 40736 | Snake:4  | Identified Lilustriso's Incunabulum of Attacks (Sif Muna
                  | gifted it to you on level 4 of the Snake Pit)
 40736 | Snake:4  | Received a gift from Sif Muna
 40973 | Snake:4  | Got a serpentine rune of Zot
 41153 | D:8      | Learned a level 6 spell: Iron Shot
 42058 | D:13     | Found Extioz's Distillery.
 42089 | D:13     | Reached XP level 19. HP: 147/147 MP: 23/36
 42310 | D:13     | Identified Sif Muna's Guide on the Snowflakes and
                  | Augmentations (Sif Muna gifted it to you on level 13 of the
                  | Dungeon)
 42310 | D:13     | Received a gift from Sif Muna
 43637 | D:14     | Found a gate to the Vaults.
 43998 | D:15     | Entered Level 15 of the Dungeon
 44482 | D:15     | Received a gift from Sif Muna
 44624 | Vaults:1 | Entered Level 1 of the Vaults
 44920 | Vaults:1 | Identified the ring "Mihalinu" {rF+ Str+2 Dex+6 Stlth-}
 45149 | Vaults:1 | Found Ashah's Antique Weapon Emporium.
 46161 | Vaults:1 | Reached XP level 20. HP: 155/155 MP: 38/38
 46525 | Vaults:2 | Found Vodithre's Antique Weapon Emporium.
 46607 | Vaults:2 | Bought a bloodstained whip for 172 gold pieces
 46607 | Vaults:2 | Identified the cursed +1 whip of Kaqoec {freeze, rElec
                  | rPois rF+ Int+4} (You bought it in a shop on level 2 of the
                  | Vaults)
 46646 | Vaults:2 | Identified Qiobim's Collected Works on the Entourage (Sif
                  | Muna gifted it to you on level 2 of the Vaults)
 46646 | Vaults:2 | Received a gift from Sif Muna
 46694 | Vaults:2 | Reached XP level 21. HP: 160/162 MP: 0/39
 47358 | Vaults:2 | Noticed a golden dragon
 47370 | Vaults:2 | Killed a golden dragon
 48438 | Vaults:3 | Identified Sif Muna's Collected Works on the Creative
                  | Voyage (Sif Muna gifted it to you on level 3 of the Vaults)
 48438 | Vaults:3 | Received a gift from Sif Muna
 48981 | Vaults:3 | Found a staircase to the Crypt.
 49217 | Vaults:3 | Reached skill level 15 in Spellcasting
 49779 | Vaults:3 | Reached XP level 22. HP: 134/171 MP: 19/41
 50884 | Vaults:4 | Identified Sif Muna's Grimoire of Darkness and the Glacier
                  | (Sif Muna gifted it to you on level 4 of the Vaults)
 50884 | Vaults:4 | Received a gift from Sif Muna
 50904 | Vaults:4 | Learned a level 8 spell: Infestation
 51256 | Vaults:4 | Reached skill level 15 in Invocations
 51712 | Vaults:4 | Found Yqewn's Antique Armour Boutique.
 51720 | Vaults:4 | Bought a pair of embroidered gloves for 345 gold pieces
 52182 | Vaults:4 | Identified Sif Muna's Catalogue of the Dark Compass (Sif
                  | Muna gifted it to you on level 4 of the Vaults)
 52182 | Vaults:4 | Received a gift from Sif Muna
 52903 | Orc:1    | Entered Level 1 of the Orcish Mines
 52982 | Orc:2    | Entered Level 2 of the Orcish Mines
 53163 | Orc:2    | Found Ilocovaz's Distillery.
 53479 | Orc:2    | Found a staircase to the Elven Halls.
 53510 | Orc:2    | Found Fousm's Antique Weapon Boutique.
 53530 | Orc:2    | Found Becum's Antique Armour Emporium.
 53532 | Orc:2    | Paralysed by an orc sorcerer for 3 turns
 53551 | Orc:2    | Found Kemujic's Magic Scroll Boutique.
 53559 | Orc:2    | Found Meudgh's Gadget Emporium.
 53722 | Orc:2    | Bought a runed helmet for 247 gold pieces
 53722 | Orc:2    | Bought a creamy pearl robe for 188 gold pieces
 53745 | Orc:2    | Identified the +2 robe "Zesulim" {rC- Regen+ Dex+3} (You
                  | bought it in a shop on level 2 of the Orcish Mines)
 54085 | Elf:1    | Entered Level 1 of the Elven Halls
 54225 | Elf:1    | Reached XP level 23. HP: 178/178 MP: 17/42
 54287 | Elf:1    | Identified Sif Muna's Catalogue of Shifting Hexes (Sif Muna
                  | gifted it to you on level 1 of the Elven Halls)
 54287 | Elf:1    | Received a gift from Sif Muna
 55001 | Elf:1    | Identified the Catalogue of Conjuration and Companions
 55171 | Elf:2    | Reached skill level 15 in Dodging
 55198 | Elf:2    | Found a magical portal.
 55499 | WizLab   | Identified Cigotuvi's Volume of Dark Transmutation
 55502 | WizLab   | Identified the Compendium of Transformation
 55702 | WizLab   | Reached skill level 15 in Stealth
 55716 | WizLab   | Identified Sif Muna's Guide on Translocation and Sinister
                  | Magic (Sif Muna gifted it to you in a wizard's laboratory)
 55716 | WizLab   | Received a gift from Sif Muna
 55839 | WizLab   | Got a glittering tin ring
 55840 | WizLab   | Identified the ring of Cupami {rElec rC+ Int+7 Slay+3} (You
                  | found it in a wizard's laboratory)
 56129 | Elf:2    | Found a runed translucent gate.
 56129 | Elf:2    | Found Hemejic's Assorted Antiques.
 56132 | Elf:2    | Found a runed translucent gate.
 56134 | Elf:2    | Found a runed translucent gate.
 56136 | Elf:2    | Found an opulent altar of Gozag.
 56138 | Elf:2    | Found Kozicvu's Assorted Antiques.
 56138 | Elf:2    | Noticed Tedone's ghost (journeyman DsFi)
 56169 | Elf:2    | Killed Tedone's ghost
 56736 | Elf:2    | Found a huge runed translucent gate.
 56736 | Elf:2    | Found a huge runed translucent gate.
 56736 | Elf:2    | Found a huge runed translucent gate.
 56736 | Elf:2    | Found a huge runed translucent gate.
 56748 | Elf:2    | Found a huge runed translucent gate.
 57616 | Elf:3    | Entered Level 3 of the Elven Halls
 57762 | Elf:3    | Identified Ecireno's Reference Book on Frigorific Creation
                  | (Sif Muna gifted it to you on level 3 of the Elven Halls)
 57762 | Elf:3    | Received a gift from Sif Muna
 57764 | Elf:3    | Reached ****** piety under Sif Muna
 58176 | Elf:3    | Found Ynaemiw's Weapon Boutique.
 58259 | Elf:3    | Found Peliysipn's Antique Armour Boutique.
 58281 | Elf:3    | Bought a pair of runed boots for 165 gold pieces
 58737 | Elf:3    | Reached XP level 24. HP: 154/187 MP: 18/43
 58807 | Elf:3    | Identified the cursed +1 war axe of Vajikas {chop, +Rage
                  | rC++}
 59037 | Elf:3    | Reached skill level 15 in Fighting
 59037 | Elf:3    | Reached skill level 15 in Short Blades
 59037 | Elf:3    | Reached skill level 15 in Long Blades
 59037 | Elf:3    | Reached skill level 15 in Axes
 59037 | Elf:3    | Reached skill level 15 in Maces & Flails
 59037 | Elf:3    | Reached skill level 15 in Polearms
 59037 | Elf:3    | Reached skill level 15 in Staves
 59037 | Elf:3    | Reached skill level 15 in Slings
 59037 | Elf:3    | Reached skill level 15 in Bows
 59037 | Elf:3    | Reached skill level 15 in Crossbows
 59037 | Elf:3    | Reached skill level 15 in Throwing
 59037 | Elf:3    | Reached skill level 15 in Armour
 59037 | Elf:3    | Reached skill level 15 in Shields
 59037 | Elf:3    | Reached skill level 15 in Unarmed Combat
 59037 | Elf:3    | Reached skill level 15 in Evocations
 59233 | Elf:3    | Identified the Papyrus of Hexes
 59306 | Elf:3    | Identified the Papyrus of Unholy Confrontation
 59311 | Elf:3    | Identified the +1 pair of gloves of the Crushed Continents
                  | {+Inv rF- rN+ Int+2} (You found it on level 3 of the Elven
                  | Halls)
 59462 | Elf:2    | Bought the brooch of Shielding {Reflect SH+8} for 2551 gold
                  | pieces
 59462 | Elf:2    | Found the brooch of Shielding {Reflect SH+8}
 59817 | Vaults:5 | Entered Level 5 of the Vaults
 59832 | Vaults:5 | Identified Sif Muna's Compendium of Freezing Orientation
                  | (Sif Muna gifted it to you on level 5 of the Vaults)
 59832 | Vaults:5 | Received a gift from Sif Muna
 60162 | Vaults:5 | Identified the +9 rapier of the Realm of Zot {venom, Int+3
                  | Dex+3}
 60165 | Vaults:5 | Paralysed by a sphinx for 2 turns
 60650 | Vaults:5 | Received a gift from Sif Muna
 60809 | Vaults:5 | Paralysed by a sphinx for 2 turns
 61043 | Vaults:5 | Reached XP level 25. HP: 174/195 MP: 39/43
 61352 | Vaults:5 | Identified the Tome of Creation and Intoxication
 61558 | Vaults:5 | Identified the +0 spear "Hanitz" {pierce, rC++ MP+9 Str-5
                  | Int+3} (You found it on level 5 of the Vaults)
 61631 | Vaults:5 | Got a silver rune of Zot
 61850 | Vaults:5 | Found Joadghir's Book Boutique.
 62594 | D:15     | Found a staircase to the Depths.
 62951 | Depths:1 | Entered Level 1 of the Depths
 62982 | Depths:1 | Found Gyhestro's Food Boutique.
 63148 | Depths:1 | Found a runed translucent door.
 63164 | Depths:1 | Received a gift from Sif Muna
 63385 | Depths:1 | Found a shattered altar of Ashenzari.
 63573 | Depths:1 | Identified the +6 hunting sling "Embalmer" {speed, *Corrode
                  | rC+ Str+5} (You found it on level 1 of the Depths)
 63700 | Depths:1 | Learned a level 8 spell: Lehudib's Crystal Spear
 64022 | Depths:1 | Found a gateway to Hell.
 64150 | Hell     | Entered the Vestibule of Hell
 64150 | Hell     | Noticed Geryon
 64494 | Hell     | Gained mutation: You are somewhat resistant to further
                  | mutation. [a cacodemon]
 64499 | Depths:1 | Identified Sif Muna's Grimoire of Boosting Necromancy (Sif
                  | Muna gifted it to you on level 1 of the Depths)
 64499 | Depths:1 | Received a gift from Sif Muna
 64671 | Hell     | Noticed Murray
 64693 | Depths:1 | Killed Murray
 64837 | Hell     | Killed Geryon
 64837 | Hell     | Reached XP level 26. HP: 204/204 MP: 13/44
 65171 | Hell     | Found a gateway to the ashen valley of Gehenna.
 65624 | Hell     | Found a gateway to the decaying netherworld of Tartarus.
 65672 | Hell     | Found a gateway to the freezing wastes of Cocytus.
 65851 | Hell     | Found a gateway to the Iron City of Dis.
 66371 | Depths:2 | Received a gift from Sif Muna
 67599 | Depths:2 | Paralysed by a vampire knight for 2 turns
 68000 | Depths:2 | Reached XP level 27. HP: 213/213 MP: 22/44
 68005 | Depths:2 | Identified the +5 ice dragon scales "Ser With" {rF- rC++
                  | Str-5 Int+9}
 68849 | Depths:3 | Noticed Frederick
 69032 | Depths:3 | Killed Frederick
 69033 | Depths:3 | Found a one-way gate leading to the halls of Pandemonium.
 69579 | Depths:3 | Noticed a juggernaut
 69583 | Depths:3 | Killed a juggernaut
 70251 | Depths:3 | Found a gateway to a ziggurat.
 70277 | Depths:3 | You fall into a shaft and drop 2 floors!
 70277 | Depths:5 | Entered Level 5 of the Depths
 70324 | Depths:5 | Noticed Mennas
 70334 | Depths:5 | Killed Mennas
 70647 | Depths:4 | You fall into a shaft and drop 1 floor!
 70824 | Depths:5 | Found a hide-covered altar of Uskayaw.
 70947 | Depths:3 | Found a one-way gate to the infinite horrors of the Abyss.
 70947 | Depths:3 | Noticed Louise
 70957 | Depths:3 | Killed Louise
 71251 | Depths:3 | Noticed Margery
 71260 | Depths:3 | Killed Margery
 71603 | Depths:4 | Reached skill level 15 in Conjurations
 71603 | Depths:4 | Reached skill level 15 in Summonings
 71603 | Depths:4 | Reached skill level 15 in Translocations
 72531 | Depths:4 | Identified the Handbook of Earthen Summoning
 72603 | Depths:4 | Reached skill level 15 in Hexes
 72603 | Depths:4 | Reached skill level 15 in Charms
 72603 | Depths:4 | Reached skill level 15 in Necromancy
 72603 | Depths:4 | Reached skill level 15 in Transmutations
 72603 | Depths:4 | Reached skill level 15 in Fire Magic
 72603 | Depths:4 | Reached skill level 15 in Ice Magic
 72603 | Depths:4 | Reached skill level 15 in Air Magic
 72603 | Depths:4 | Reached skill level 15 in Earth Magic
 72603 | Depths:4 | Reached skill level 15 in Poison Magic
 72730 | Depths:4 | Identified the +6 dagger of Defiance {elec, MP+9 Int+4}
                  | (You found it on level 4 of the Depths)
 73613 | Depths:5 | Found a corrupted altar of Lugonu.
 73909 | Depths:5 | Found a gate to the Realm of Zot.
 74163 | Depths:5 | Learned a level 8 spell: Controlled Blink
 74936 | Zot:1    | Entered Level 1 of the Realm of Zot
 75798 | Zot:1    | Learned a level 5 spell: Dispel Undead
 76166 | Zot:1    | Found a huge runed gate.
 76166 | Zot:1    | Found a huge runed gate.
 76167 | Zot:1    | Found a huge runed gate.
 76167 | Zot:1    | Found a huge runed gate.
 76168 | Zot:1    | Found a huge runed gate.
 76168 | Zot:1    | Found a huge runed gate.
 76168 | Zot:1    | Found a huge runed gate.
 76168 | Zot:1    | Found a huge runed gate.
 76168 | Zot:1    | Found a huge runed gate.
 76168 | Zot:1    | Found a huge runed gate.
 76172 | Zot:1    | Found a huge runed gate.
 76172 | Zot:1    | Found a huge runed gate.
 76172 | Zot:1    | Found a huge runed gate.
 76172 | Zot:1    | Found a huge runed gate.
 76172 | Zot:1    | Found a huge runed gate.
 76172 | Zot:1    | Found a huge runed gate.
 76172 | Zot:1    | Found a huge runed gate.
 76238 | Zot:1    | Found a huge runed gate.
 76238 | Zot:1    | Found a huge runed gate.
 76575 | Zot:1    | Found a huge runed gate.
 76575 | Zot:1    | Found a huge runed gate.
 76594 | Zot:1    | Found a huge runed gate.
 76594 | Zot:1    | Found a huge runed gate.
 76594 | Zot:1    | Found a huge runed gate.
 76601 | Zot:1    | Found a huge runed gate.
 76601 | Zot:1    | Found a huge runed gate.
 76601 | Zot:1    | Found a huge runed gate.
 76601 | Zot:1    | Found a huge runed gate.
 76690 | Zot:1    | Noticed an orb of fire
 76690 | Zot:1    | Noticed an orb of fire
 76690 | Zot:1    | Noticed an orb of fire
 77696 | Zot:1    | Gained mutation: Scrolls take you a little longer to read.
                  | [an orb of fire]
 77697 | Zot:1    | Killed an orb of fire
 77708 | Zot:1    | Killed an orb of fire
 77841 | Zot:1    | Lost mutation: Scrolls take you a little longer to read.
                  | [potion of mutation]
 77841 | Zot:1    | Gained mutation: You are dopey. (Int -2) [potion of
                  | mutation]
 78973 | Crypt:1  | Entered Level 1 of the Crypt
 81506 | Crypt:2  | Found an ancient bone altar of Kikubaaqudgha.
 81706 | Crypt:3  | Entered Level 3 of the Crypt
 82146 | Crypt:3  | Identified the Disquisition on Companions
 82178 | Crypt:3  | Identified the +1 robe of the Garden {rF+}
 83395 | Crypt:3  | Identified the cursed +0 ring mail "Nuod" {rCorr Int+2}
                  | (You found it on level 3 of the Crypt)
 83663 | Crypt:3  | Found a staircase to the Tomb.
 83663 | Crypt:3  | Noticed an ancient lich
 83673 | Crypt:3  | Killed an ancient lich
 83754 | Crypt:3  | Noticed an ancient lich
 83762 | Crypt:3  | Killed an ancient lich
 83947 | Crypt:3  | Noticed an ancient lich
 83951 | Crypt:3  | Killed an ancient lich
 84615 | Depths:3 | Learned a level 8 spell: Summon Horrible Things
 84643 | Depths:3 | Voluntarily entered the Abyss.
 84790 | Abyss:2  | Found a basalt altar of Yredelemnul.
 84871 | Abyss:3  | Found a corrupted altar of Lugonu.
 85032 | Abyss:3  | Found a corrupted altar of Lugonu.
 85069 | Abyss:3  | Got an abyssal rune of Zot
 85098 | Abyss:3  | Got a pair of bloodstained boots
 85099 | Abyss:3  | Identified the -4 pair of boots of Fallacy {rPois Regen+
                  | Int+4} (You acquired it on level 3 of the Abyss)
 85137 | Depths:3 | Escaped the Abyss
 85281 | Dis:1    | Entered Level 1 of the Iron City of Dis
 90887 | Dis:5    | You fall into a shaft and drop 1 floor!
 90912 | Dis:7    | Entered Level 7 of the Iron City of Dis
 91309 | Dis:7    | Identified the +8 dagger "Inerie" {drain, Str+2} (You found
                  | it on level 7 of the Iron City of Dis)
 93546 | Dis:7    | Noticed the Serpent of Hell
 93567 | Dis:7    | Killed the Serpent of Hell
 93990 | Dis:7    | Identified the +4 staff of Dispater
 93990 | Dis:7    | Noticed Dispater
 94027 | Dis:7    | Killed Dispater
 94096 | Dis:7    | Identified the Almanac of Orientation
 94102 | Dis:7    | Got an iron rune of Zot
 94201 | Dis:7    | Found the ring of Robustness {AC+8}
 94774 | Elf:2    | Bought 2 potions of heal wounds for 290 gold pieces
 94892 | D:11     | Bought a ration for 55 gold pieces
 94892 | D:11     | Bought a ration for 55 gold pieces
 94892 | D:11     | Bought a ration for 55 gold pieces
 94892 | D:11     | Bought a ration for 55 gold pieces
 94892 | D:11     | Bought a ration for 55 gold pieces
 94892 | D:11     | Bought a ration for 55 gold pieces
 94892 | D:11     | Bought a ration for 55 gold pieces
 94892 | D:11     | Bought a ration for 55 gold pieces
 94892 | D:11     | Bought a ration for 55 gold pieces
 94892 | D:11     | Bought a ration for 55 gold pieces
 94892 | D:11     | Bought a ration for 55 gold pieces
 94892 | D:11     | Bought a ration for 55 gold pieces
 95037 | Depths:1 | Bought a ration for 55 gold pieces
 95037 | Depths:1 | Bought a ration for 55 gold pieces
 95037 | Depths:1 | Bought a ration for 55 gold pieces
 95037 | Depths:1 | Bought a ration for 55 gold pieces
 95037 | Depths:1 | Bought a ration for 55 gold pieces
 95037 | Depths:1 | Bought a ration for 55 gold pieces
 95037 | Depths:1 | Bought a ration for 55 gold pieces
 95037 | Depths:1 | Bought a ration for 55 gold pieces
 95578 | Zot:3    | Noticed an orb of fire
 95584 | Zot:3    | Gained mutation: You are weak. (Str -2) [an orb of fire]
 95586 | Zot:3    | Killed an orb of fire
 95683 | Zot:3    | Lost mutation: You are dopey. (Int -2) [potion of mutation]
 95683 | Zot:3    | Lost mutation: You are somewhat resistant to further
                  | mutation. [potion of mutation]
 95683 | Zot:3    | Lost mutation: You are weak. (Str -2) [potion of mutation]
 95683 | Zot:3    | Gained mutation: You are agile. (Dex +2) [potion of
                  | mutation]
 95683 | Zot:3    | Gained mutation: You have a pair of small horns on your
                  | head. [potion of mutation]
 95686 | Zot:3    | Lost mutation: You have a pair of small horns on your head.
                  | [potion of mutation]
 95686 | Zot:3    | Lost mutation: You are agile. (Dex +2) [potion of mutation]
 95686 | Zot:3    | Gained mutation: You have a pair of small antennae on your
                  | head. [potion of mutation]
 95686 | Zot:3    | Gained mutation: You are partially covered in molten
                  | scales. (AC +2) [potion of mutation]
 95687 | Zot:3    | Lost mutation: You are partially covered in molten scales.
                  | (AC +2) [potion of mutation]
 95687 | Zot:3    | Lost mutation: You have a pair of small antennae on your
                  | head. [potion of mutation]
 95687 | Zot:3    | Gained mutation: You occasionally shout uncontrollably at
                  | your foes. [potion of mutation]
 95687 | Zot:3    | Gained mutation: Your flesh is heat resistant. (rF+)
                  | [potion of mutation]
 98035 | Zot:5    | Entered Level 5 of the Realm of Zot
 98078 | Zot:5    | Noticed an ancient lich
 98080 | Zot:5    | Noticed an ancient lich
 98081 | Zot:5    | Noticed an orb of fire
 98531 | Zot:5    | Noticed an ancient lich
 98534 | Zot:5    | Killed an ancient lich
 98536 | Zot:5    | Killed an ancient lich
 98676 | Zot:5    | Noticed an ancient lich
 98690 | Zot:5    | Killed an ancient lich
 98857 | Zot:5    | Gained mutation: You are clumsy. (Dex -2) [an orb of fire]
 98857 | Zot:5    | Gained mutation: You are occasionally teleported next to
                  | monsters. [an orb of fire]
 98858 | Zot:5    | Gained mutation: You do not regenerate when monsters are
                  | visible. [an orb of fire]
 98859 | Zot:5    | Killed an orb of fire
 98870 | Zot:5    | Killed an ancient lich
 98890 | Zot:5    | Lost mutation: You are occasionally teleported next to
                  | monsters. [potion of mutation]
 98890 | Zot:5    | Lost mutation: You are clumsy. (Dex -2) [potion of
                  | mutation]
 98890 | Zot:5    | Lost mutation: Your flesh is heat resistant. (rF+) [potion
                  | of mutation]
 98890 | Zot:5    | Gained mutation: You possess an exceptional clarity of
                  | mind. [potion of mutation]
 98890 | Zot:5    | Gained mutation: Your mind is acute. (Int +2) [potion of
                  | mutation]
 98890 | Zot:5    | Lost mutation: You do not regenerate when monsters are
                  | visible. [potion of mutation]
 99181 | Zot:1    | Noticed a juggernaut
 99181 | Zot:1    | a Killer Klown changed into a juggernaut
 99185 | Zot:1    | Killed a juggernaut
 99983 | Zot:1    | Killed an orb of fire
101076 | Zot:5    | Noticed an orb of fire
101079 | Zot:5    | Gained mutation: You are weak. (Str -2) [an orb of fire]
101081 | Zot:5    | Gained mutation: You are very weak. (Str -4) [an orb of
                  | fire]
101084 | Zot:5    | Killed an orb of fire
101924 | Zot:5    | Identified the Collected Works on Flight and Clay
102840 | Geh:1    | Entered Level 1 of Gehenna
102972 | Hell     | Learned a level 9 spell: Glaciate
103222 | Geh:1    | Lost mutation: Your mind is acute. (Int +2) [mutagenic
                  | glow]
107658 | Geh:4    | Upgraded the game from 0.24.1 to 0.24.1-1-gd1d2a07e1b
108390 | Elf:2    | Bought a scroll of enchant weapon for 217 gold pieces
110078 | Snake:1  | Killed TuffENuff's ghost
110081 | Snake:1  | Killed Peloso's ghost
110090 | Snake:1  | Killed Saltbearer's ghost
110097 | Snake:1  | Killed Saltbearer's ghost
110116 | Snake:1  | Identified the cursed +0 pair of boots of Egalitarianism
                  | {-Tele +Fly Dex+4} (You found it on level 1 of the Snake
                  | Pit)
110155 | Snake:1  | Bought a ration for 65 gold pieces
110159 | Snake:1  | Bought a ration for 55 gold pieces
110159 | Snake:1  | Bought a ration for 55 gold pieces
110159 | Snake:1  | Bought a ration for 55 gold pieces
110159 | Snake:1  | Bought a ration for 55 gold pieces
110159 | Snake:1  | Bought a ration for 55 gold pieces
110159 | Snake:1  | Bought a ration for 55 gold pieces
110159 | Snake:1  | Bought a ration for 55 gold pieces
110159 | Snake:1  | Bought a ration for 55 gold pieces
110159 | Snake:1  | Bought a ration for 55 gold pieces
110159 | Snake:1  | Bought a ration for 55 gold pieces
110159 | Snake:1  | Bought a ration for 55 gold pieces
110159 | Snake:1  | Bought a ration for 55 gold pieces
110159 | Snake:1  | Bought a ration for 55 gold pieces
110159 | Snake:1  | Bought a ration for 55 gold pieces
110159 | Snake:1  | Bought a ration for 55 gold pieces
113258 | Geh:6    | Gained mutation: Scrolls take you a little longer to read.
                  | [a neqoxec]
113261 | Geh:6    | Lost mutation: You occasionally shout uncontrollably at
                  | your foes. [potion of mutation]
113261 | Geh:6    | Lost mutation: Scrolls take you a little longer to read.
                  | [potion of mutation]
113261 | Geh:6    | Gained mutation: Scrolls take you a little longer to read.
                  | [potion of mutation]
113261 | Geh:6    | Gained mutation: You are clumsy. (Dex -2) [potion of
                  | mutation]
113261 | Geh:6    | Gained mutation: You are resistant to hostile enchantments.
                  | (MR+) [potion of mutation]
113262 | Geh:6    | Lost mutation: You possess an exceptional clarity of mind.
                  | [potion of mutation]
113262 | Geh:6    | Lost mutation: Scrolls take you a little longer to read.
                  | [potion of mutation]
113262 | Geh:6    | Lost mutation: You are very weak. (Str -4) [potion of
                  | mutation]
113262 | Geh:6    | Lost mutation: You are weak. (Str -2) [potion of mutation]
113262 | Geh:6    | Lost mutation: You are clumsy. (Dex -2) [potion of
                  | mutation]
113262 | Geh:6    | Gained mutation: You evolve. [potion of mutation]
113262 | Geh:6    | Gained mutation: You expend magic power (3 MP) to
                  | strengthen your wands. [potion of mutation]
113262 | Geh:6    | Gained mutation: Your muscles are strong. (Str +2) [potion
                  | of mutation]
113970 | Geh:7    | Entered Level 7 of Gehenna
114468 | Geh:7    | Lost mutation: You expend magic power (3 MP) to strengthen
                  | your wands. [evolution]
114468 | Geh:7    | Lost mutation: You evolve. [end of evolution]
115238 | Geh:7    | Identified the Guide on Damage Dealing and Aid
115306 | Geh:7    | Identified the +7 sceptre of Asmodeus
115306 | Geh:7    | Noticed Asmodeus
115319 | Geh:7    | Killed Asmodeus
115416 | Geh:7    | Identified the cursed +1 hand axe "Jatop" {speed, Str+3}
                  | (You found it on level 7 of Gehenna)
115474 | Geh:7    | Got an obsidian rune of Zot
116577 | Hell     | Learned a level 9 spell: Fire Storm
116602 | Coc:1    | Entered Level 1 of Cocytus
117444 | Coc:2    | You fall into a shaft and drop 2 floors!
117522 | Coc:7    | Entered Level 7 of Cocytus
118564 | Coc:7    | Identified the +6 scale mail "Nimuer" {rCorr SInv}
118577 | Coc:7    | Noticed Antaeus
118599 | Coc:7    | Killed Antaeus
118763 | Coc:7    | Identified the cursed +1 rapier of the Revolution {flame,
                  | Str+4}
118787 | Coc:7    | Got an icy rune of Zot
118817 | Coc:7    | Identified the Grimoire of Earthen Arcane Weapons
120054 | Hell     | Learned a level 8 spell: Necromutation
120078 | Tar:1    | Entered Level 1 of Tartarus
120092 | Hell     | Learned a level 9 spell: Shatter
121882 | Pan      | Entered Pandemonium
122112 | Pan      | Noticed Peahes the pandemonium lord
122132 | Pan      | Killed Peahes the pandemonium lord
122337 | Pan      | Gained mutation: Your magical capacity is low. (-10% MP) [a
                  | neqoxec]
122338 | Pan      | Gained mutation: Your spells are a little easier to cast,
                  | but a little less powerful. [a neqoxec]
122761 | Pan      | Noticed Jygit the pandemonium lord
123211 | Pan      | Killed Jygit the pandemonium lord
123981 | Pan      | Noticed Gaffery the pandemonium lord
123986 | Pan      | Killed Gaffery the pandemonium lord
124095 | Pan      | Found an exit through the horrors of the Abyss.
124377 | Pan      | Gained mutation: Your magical capacity is very low. (-20%
                  | MP) [a cacodemon]
124808 | Pan      | Noticed Lotsexac the pandemonium lord
124818 | Pan      | Killed Lotsexac the pandemonium lord
125919 | Pan      | Found an exit through the horrors of the Abyss.
126538 | Pan      | Identified the +6 glaive "Doashups" {chop, Dex+2}
126540 | Pan      | Noticed Asmo the pandemonium lord
126556 | Pan      | Killed Asmo the pandemonium lord
126623 | Pan      | Got a demonic rune of Zot
126766 | Pan      | Learned a level 1 spell: Apportation
127130 | Pan      | Noticed Cekiresm the pandemonium lord
127137 | Pan      | Killed Cekiresm the pandemonium lord
127244 | Pan      | Lost mutation: Your spells are a little easier to cast, but
                  | a little less powerful. [potion of mutation]
127244 | Pan      | Lost mutation: You are resistant to hostile enchantments.
                  | (MR+) [potion of mutation]
127244 | Pan      | Gained mutation: You possess an exceptional clarity of
                  | mind. [potion of mutation]
127244 | Pan      | Gained mutation: Your body sometimes deteriorates upon
                  | taking damage. [potion of mutation]
127244 | Pan      | Gained mutation: Your spells are a little harder to cast,
                  | but a little more powerful. [potion of mutation]
127245 | Pan      | Lost mutation: You possess an exceptional clarity of mind.
                  | [potion of mutation]
127245 | Pan      | Lost mutation: Your magical capacity is very low. (-20% MP)
                  | [potion of mutation]
127245 | Pan      | Lost mutation: Your body sometimes deteriorates upon taking
                  | damage. [potion of mutation]
127245 | Pan      | Gained mutation: You are dopey. (Int -2) [potion of
                  | mutation]
127245 | Pan      | Gained mutation: You are robust. (+10% HP) [potion of
                  | mutation]
127245 | Pan      | Gained mutation: You are covered in fur. (AC +1) [potion of
                  | mutation]
127267 | Pan      | Lost mutation: You are dopey. (Int -2) [potion of mutation]
127267 | Pan      | Lost mutation: Your muscles are strong. (Str +2) [potion of
                  | mutation]
127267 | Pan      | Gained mutation: You have a pair of small antennae on your
                  | head. [potion of mutation]
127268 | Pan      | Lost mutation: Your magical capacity is low. (-10% MP)
                  | [potion of mutation]
127268 | Pan      | Lost mutation: Your spells are a little harder to cast, but
                  | a little more powerful. [potion of mutation]
127268 | Pan      | Lost mutation: You have a pair of small antennae on your
                  | head. [potion of mutation]
127268 | Pan      | Gained mutation: You are somewhat resistant to further
                  | mutation. [potion of mutation]
127525 | Pan      | Found an exit through the horrors of the Abyss.
128635 | Pan      | Noticed Taoqinna the pandemonium lord
128637 | Pan      | Killed Taoqinna the pandemonium lord
128829 | Pan      | Entered the realm of Cerebov.
129314 | Pan      | Identified the +6 sword of Cerebov {flame}
129314 | Pan      | Noticed Cerebov
129329 | Pan      | Killed Cerebov
129801 | Pan      | Got a crude lead ring
129802 | Pan      | Identified the ring of Sifock {MP+9 Dex+2} (You found it in
                  | Pandemonium)
129851 | Pan      | Got a fiery rune of Zot
130041 | Pan      | Found an exit through the horrors of the Abyss.
130232 | Pan      | Noticed Upsexziddem the pandemonium lord
130245 | Pan      | Killed Upsexziddem the pandemonium lord
130732 | Pan      | Found an exit through the horrors of the Abyss.
131255 | Pan      | Noticed Otao the pandemonium lord
131264 | Pan      | Killed Otao the pandemonium lord
131593 | Pan      | Identified the +1 scale mail of the Big Bang {Dex+3} (You
                  | found it in Pandemonium)
131597 | Pan      | Found an exit through the horrors of the Abyss.
132223 | Pan      | Noticed Ruall the pandemonium lord
132232 | Pan      | Killed Ruall the pandemonium lord
132913 | Pan      | Noticed Imicrid the pandemonium lord
132915 | Pan      | Killed Imicrid the pandemonium lord
133469 | Pan      | Found an exit through the horrors of the Abyss.
133785 | Pan      | Entered the realm of Gloorx Vloq.
133788 | Pan      | Noticed Gloorx Vloq
133848 | Pan      | Learned a level 9 spell: Fire Storm
134222 | Pan      | Killed Gloorx Vloq
134232 | Pan      | Got a dark rune of Zot
135095 | Pan      | Noticed Gah Veel the pandemonium lord
136103 | Pan      | Killed Gah Veel the pandemonium lord
136343 | Pan      | Identified the +7 dagger "Nuwaliss" {drain, *Contam rPois
                  | rN+} (You found it in Pandemonium)
137168 | Pan      | Noticed Nuesok the pandemonium lord
137183 | Pan      | Killed Nuesok the pandemonium lord
138098 | Pan      | Found an exit through the horrors of the Abyss.
138425 | Pan      | Noticed Vaptiwn the pandemonium lord
138436 | Pan      | Killed Vaptiwn the pandemonium lord
138718 | Pan      | Entered the realm of Lom Lobon.
138794 | Pan      | Found an exit through the horrors of the Abyss.
139218 | Pan      | Noticed Lom Lobon
139254 | Pan      | Killed Lom Lobon
139312 | Pan      | Got a magical rune of Zot
139976 | Pan      | Entered the realm of Mnoleg.
140057 | Pan      | Learned a level 9 spell: Glaciate
141496 | Pan      | Noticed Mnoleg
141508 | Pan      | Killed Mnoleg
141663 | Pan      | Got a glowing rune of Zot
142525 | Pan      | Noticed Xahoes the pandemonium lord
142531 | Pan      | Killed Xahoes the pandemonium lord
143098 | Pan      | Noticed Reth the pandemonium lord
143104 | Pan      | Killed Reth the pandemonium lord
143104 | Pan      | Reached skill level 27 in Invocations
143640 | Pan      | Learned a level 9 spell: Shatter
144179 | Pan      | Found an exit through the horrors of the Abyss.
144188 | Pan      | Took an exit into the Abyss.
144188 | Abyss:1  | Escaped into the Abyss
144359 | Depths:3 | Escaped the Abyss
146884 | Tar:7    | Entered Level 7 of Tartarus
146923 | Tar:7    | Paralysed by something for 2 turns
147293 | Tar:6    | You are sucked into a shaft and drop 1 floor!
147972 | Tar:7    | Identified the ring "Bumostu" {rC+ Str+3 Dex+4 Slay+2
                  | Stlth-} (You found it on level 7 of Tartarus)
148006 | Tar:7    | Got a scintillating jade ring
148007 | Tar:7    | Identified the ring "Osoxezea" {rPois rN+ Str+4 Int+3} (You
                  | found it on level 7 of Tartarus)
148181 | Tar:7    | Identified the +1 long sword of the Radish {speed, rC+ rN+}
                  | (You found it on level 7 of Tartarus)
148229 | Tar:7    | Identified the +10 spear of Resumed Hostilities {pierce,
                  | rF- rC+++ MP+9 Str-2} (You found it on level 7 of Tartarus)
148383 | Tar:7    | Noticed Ereshkigal
148385 | Tar:7    | Got a bone rune of Zot
149142 | Tomb:1   | Entered Level 1 of the Tomb of the Ancients
149303 | Tomb:1   | Noticed a greater mummy
149304 | Tomb:1   | Noticed a greater mummy
149310 | Tomb:1   | Killed a greater mummy
149314 | Tomb:1   | Killed a greater mummy
149337 | Tomb:1   | Noticed a greater mummy
149343 | Tomb:1   | Killed a greater mummy
149579 | Tomb:1   | Noticed a greater mummy
149586 | Tomb:1   | Learned a level 9 spell: Fire Storm
149592 | Tomb:1   | Killed a greater mummy
149660 | Tomb:1   | Noticed a greater mummy
149677 | Tomb:1   | Killed a greater mummy
149677 | Tomb:1   | Noticed a greater mummy
149686 | Tomb:1   | Noticed a greater mummy
149719 | Tomb:1   | Killed a greater mummy
149731 | Tomb:1   | Killed a greater mummy
149774 | Tomb:1   | Noticed a greater mummy
149780 | Tomb:1   | Killed a greater mummy
149846 | Tomb:1   | Noticed a greater mummy
149849 | Tomb:1   | Killed a greater mummy
150415 | Tomb:1   | Noticed a greater mummy
150418 | Tomb:1   | Noticed a greater mummy
150428 | Tomb:1   | Killed a greater mummy
150428 | Tomb:1   | Noticed a greater mummy
150432 | Tomb:1   | Killed a greater mummy
150438 | Tomb:1   | Killed a greater mummy
150533 | Tomb:1   | Noticed a greater mummy
150539 | Tomb:1   | Killed a greater mummy
150544 | Tomb:1   | Noticed a greater mummy
150556 | Tomb:1   | Killed a greater mummy
150636 | Tomb:1   | Noticed a greater mummy
150651 | Tomb:1   | Killed a greater mummy
150745 | Tomb:1   | Noticed a greater mummy
150753 | Tomb:1   | Killed a greater mummy
150760 | Tomb:1   | Noticed a greater mummy
150769 | Tomb:1   | Noticed a greater mummy
150781 | Tomb:1   | Killed a greater mummy
150782 | Tomb:1   | Killed a greater mummy
150879 | Tomb:1   | Noticed a greater mummy
150885 | Tomb:1   | Killed a greater mummy
151096 | Tomb:1   | Noticed a greater mummy
151101 | Tomb:1   | Noticed a greater mummy
151103 | Tomb:1   | Killed a greater mummy
151106 | Tomb:1   | Killed a greater mummy
151373 | Tomb:2   | Noticed Khufu
151380 | Tomb:2   | Killed Khufu
151427 | Tomb:3   | Entered Level 3 of the Tomb of the Ancients
151467 | Tomb:3   | Noticed Boris
151471 | Tomb:3   | Noticed a greater mummy
151473 | Tomb:3   | Noticed a greater mummy
151473 | Tomb:3   | Noticed a greater mummy
151474 | Tomb:3   | Killed Boris
151474 | Tomb:3   | Noticed a greater mummy
151476 | Tomb:3   | Killed a greater mummy
151476 | Tomb:3   | Noticed a greater mummy
151476 | Tomb:3   | Noticed a greater mummy
151477 | Tomb:3   | Noticed a greater mummy
151479 | Tomb:3   | Killed a greater mummy
151479 | Tomb:3   | Killed a greater mummy
151479 | Tomb:3   | Killed a greater mummy
151479 | Tomb:3   | Noticed a greater mummy
151486 | Tomb:3   | Killed a greater mummy
151486 | Tomb:3   | Killed a greater mummy
151487 | Tomb:3   | Killed a greater mummy
151487 | Tomb:3   | Killed a greater mummy
151487 | Tomb:3   | Noticed a greater mummy
151773 | Tomb:3   | Noticed Jory
151776 | Tomb:3   | Killed Jory
151777 | Tomb:3   | Killed a greater mummy
151844 | Tomb:3   | Got a translucent steel ring
151845 | Tomb:3   | Identified the ring of Ovvim {*Tele rElec} (You found it on
                  | level 3 of the Tomb of the Ancients)
151869 | Tomb:3   | Got a translucent wooden ring
151870 | Tomb:3   | Identified the ring "Lyroorch" {rElec Int+3} (You found it
                  | on level 3 of the Tomb of the Ancients)
151874 | Tomb:3   | Identified the cursed +0 falchion "Huid Seo" {holy, Dex+2}
                  | (You found it on level 3 of the Tomb of the Ancients)
151889 | Tomb:3   | Identified the +4 double sword of Hospitality {venom, rN+
                  | Str+3} (You found it on level 3 of the Tomb of the
                  | Ancients)
151936 | Tomb:3   | Got a golden rune of Zot
152825 | Lair:1   | Learned a level 9 spell: Glaciate
152933 | Slime:1  | Entered Level 1 of the Pits of Slime
153100 | Slime:5  | Entered Level 5 of the Pits of Slime
153104 | Slime:5  | Paralysed by a floating eye for 4 turns
153143 | Slime:5  | Reached skill level 27 in Spellcasting
153377 | Slime:5  | Noticed the Royal Jelly
153385 | Slime:5  | Killed the Royal Jelly
153412 | Slime:5  | Found the +7 lajatang of Order {silver, rMut}
153533 | Slime:5  | Got a slimy rune of Zot
154245 | Zot:5    | Got the Orb of Zot
154352 | Zot:3    | Noticed Geit the pandemonium lord
154358 | Zot:3    | Killed Geit the pandemonium lord
154986 | D:$      | Escaped with the Orb!

Levels and vault maps discovered:
D:1:      ebering_trefoil_3fold, layout_basic, minmay_misc_feat_secret_circle
D:2:      minmay_wonky_spiral, layout_basic
D:3:      layout_basic, uniq_sigmund
D:4:      layout_basic, led_xom_imps, first_ration, serial_corexii_hall,
          chequers_hall_statues_y, corexii_hall_statues_l,
          chequers_hall_statues_y, corexii_hall_statues_l, minmay_misc_feat_five
D:5:      lemuel_insect_pit, layout_basic, amethyst_killhole, grunt_tough_drop
D:6:      layout_loops_ring, minmay_temple_entry_slanted, gup_sewer_entry_glass,
          nicolae_tso_carved_into_rock, uniq_blork_the_orc
D:7:      layout_basic, uniq_prince_ribbit1, uniq_duvessa
D:8:      layout_rooms, lair_entry_dummy, chequers_ossuary_entry_cave,
          special_room [special_room_kobold], uniq_grum
D:9:      layout_roguey, uniq_erolcha
D:10:     layout_roguey, blue_anna_alchemist [blue_anna_fruit_fields,
          blue_anna_fruit_fields], minmay_bent
D:11:     layout_rooms, hiddenorc2_lemuel, serial_shops, shop, roderic_batcave,
          minmay_misc_feat_enclosed
D:12:     layout_cave_pools, special_room [special_room_bee]
D:13:     layout_layer_cave, serial_shops, shop
D:14:     layout_roguey, lightli_vaults_fourway_checkpoint,
          chequers_decorated_corner, hex_medium, lightli_wizard_tower
D:15:     gammafunk_enter_depths_forms, layout_gridville
Temple:   regret_index_temple_sigil_plot
Lair:1:   beast_lair_carwin_large_1, layout_gridlike,
          ebering_ghost_disaster_area, hibernation_bobbens, uniq_joseph
Lair:2:   layout_misc_corridors, minmay_shoals_entry_beasts
Lair:3:   layout_loops_ring, minmay_snake_entry_guardpost_small,
          chequers_serial_rivers_large_a, minmay_lair_oklob_bushes,
          lemuel_fruit_fields
Lair:4:   layout_gridlike, enter_volcano_4, serial_bayou_lake_a,
          grunt_megastairs_3, minmay_lair_oklob_chamber
Lair:5:   layout_cave_pods, worms_lemuel
Lair:6:   evilmike_catoblepas_cave, layout_cave_pods, slime_dummy, minivault_25
Shoals:1: layout_shoals, serial_shops, bzr_entry_customers, uniq_nikola
Shoals:2: layout_shoals
Shoals:3: layout_shoals, minmay_shop_mass, yaktaur_hedge, uniq_ilsuiw,
          uniq_polyphemus, uniq_roxanne, uniq_mara
Shoals:4: shoals_end_grunt_garden, layout_shoals, abandoned_shop,
          nicolae_shoals_dead_sea_scrolls
Snake:1:  layout_cave_shapes, gammafunk_ghost_cemetery, minmay_shoptagon
Snake:2:  layout_basic
Snake:3:  cheibrodos_snake_ritualist_ritual, layout_grid_maze,
          lemuel_fruit_tree, uniq_aizul
Snake:4:  snake_pit_salamanders_mu, layout_cave_town
Slime:1:  layout_caves, nicolae_slime_phagocytosis
Slime:2:  layout_caves
Slime:3:  layout_caves
Slime:4:  layout_caves
Slime:5
Orc:1:    layout_diamond_mine, basic_altar
Orc:2:    st_orc_elflike, layout_caves, serial_shops, shop
Elf:1:    layout_loops_cross, minmay_elf_sorcery, uniq_louise
Elf:2:    layout_geoelf_diagonals, ebering_ghost_gozag, mu_enter_wizlab_3
Elf:3:    minmay_elf_hall_dome, layout_geoelf_grid, serial_shops, shop, shop
Vaults:1: v_alt_pattern_6, grunt_vaults_focal, ontoclasm_vaults_ligature,
          vaults_room_grid, vaults_dpeg_encased_lava, ontoclasm_vaults_hangar,
          v_pattern_5, nicolae_vaults_little_squares_3, vaults_room_pool,
          nicolae_vaults_little_squares_3, dpeg_vaults_monster_box,
          serial_ice_h, layout_vaults_omnigrid, serial_shops, shop
Vaults:2: v_alt_pattern_1, v_misc_1, grunt_vaults_swirl, v_rooms_6, st_cells,
          ontoclasm_vaults_pinch, nicolae_vaults_windows_and_doors_thing,
          vaults_room_door_ring, layout_vaults_ring, serial_shops,
          nicolae_shop_stone
Vaults:3: nicolae_vaults_specimen_jars, v_misc_12, grunt_vaults_hallway_short,
          nicolae_vaults_stairing_the_circle, nicolae_vaults_network_square,
          hangedman_vaults_corner, vaults_room_stairs_pillars,
          minmay_crypt_entry_simple_round, v_misc_19, v_misc_16,
          v_alt_pattern_3, nicolae_vaults_mini_display_case, v_pattern_1,
          layout_vaults_maze
Vaults:4: hangedman_vaults_nails, hangedman_vaults_variations,
          grunt_vaults_trifunnel, nicolae_vaults_little_ls, vaults_room_fours,
          v_alt_pattern_2, nicolae_vaults_little_squares_1, v_misc_8, v_misc_18,
          vaults_room_pool, nicolae_vaults_little_squares_4,
          ontoclasm_vaults_decontamination, layout_vaults_big_cross,
          serial_shops, nicolae_shop_crystal
Vaults:5
Crypt:1:  layout_rooms
Crypt:2:  layout_regular_city, lemuel_mausoleum_altar_kikubaaqudgha
Crypt:3:  quadcrypt_mu
Tomb:1
Tomb:2:   uniq_khufu
Tomb:3:   uniq_jory, uniq_boris
Depths:1: layout_roguey, serial_shops, nicolae_shop_trees, hellmouth_1,
          evilmike_ruin_ashenzari, statue_in_the_mist_lemuel, minmay_st_funbox,
          serial_sigils_hangedman_scar, st_stairs_7, grunt_ministairs_13,
          minmay_fractal_squares_diagonal_5
Depths:2: minmay_octagon_city, layout_gridville, hell_entry,
          infiniplex_staircase_door_maze, serial_bayou_shore_a
Depths:3: hangedman_cross_stitches, layout_cave_shapes, enter_ziggurat_e,
          pan_entry, grunt_metal_band, nicolae_abyss_entry_one_way_or_another,
          uniq_frederick
Depths:4: minmay_sliced_demisemicircle, layout_cave_shapes, abyss_entry_crystal,
          grunt_hell_entry_dis_mu, roderic_malta_cross, hangedman_decor_lopped,
          infiniplex_staircase_hallway_doors
Depths:5: evilmike_zot_entry_round, layout_cave_pools, lemuel_statue_altar,
          pf_hell_entry_tar_spiral, minmay_misc_feat_square, tgw_lugonu_bribe,
          uniq_mennas
Hell
Dis:1:    hangedman_dis_monolith, layout_regular_city
Dis:2:    layout_gridville
Dis:3:    lightli_tower_of_babel, layout_regular_city
Dis:4:    layout_overlapping_boxes
Dis:5:    layout_gridville
Dis:6:    layout_chaotic_city, hangedman_dis_decor_blocks_talon,
          grunt_megastairs_2
Dis:7:    dis_grunt_layers
Geh:1:    layout_gehenna_lava_caves, gehenna_fire_generator
Geh:2:    layout_gehenna_pools_basic
Geh:3:    layout_gehenna_lava_caves
Geh:4:    layout_gehenna_lava_caves
Geh:5:    layout_gehenna_pools_basic, minmay_fire_ice_demons
Geh:6:    layout_gehenna_lava_caves
Geh:7:    geh_mu
Coc:1:    layout_cocytus_water_paths
Coc:2:    layout_ice_bergs
Coc:4:    layout_cocytus_water_paths
Coc:5:    layout_cocytus_water_paths
Coc:6:    layout_cocytus_water_paths
Coc:7:    coc_old
Tar:1:    layout_catacombs
Tar:2:    layout_catacombs
Tar:3:    hangedman_tartarus_silent_blood_keep, layout_honeycomb
Tar:4:    layout_catacombs
Tar:5:    grunt_deathspiral_small, layout_cathedral_of_symmetry
Tar:6:    layout_catacombs, lemuel_elevator
Tar:7:    tar_mu [tar_mu_maze]
Zot:1:    layout_gridlike, door_vault
Zot:2:    layout_gridlike
Zot:3:    layout_concentric_octagons
Zot:4:    layout_misc_corridors, evilmike_ambush [evilmike_ambush_outer_basic,
          evilmike_ambush_inner_pond], lemuel_elevator
Zot:5:    layout_basic

Skill      XL: |  1  2  3  4  5  6  7  8  9 10 11 12 13 14 15 16 17 18 19 20 21 22 23 24 25 26 27 |
---------------+----------------------------------------------------------------------------------+-----
Conjurations   | 2 3 4 5 6 7 8 9 10 11 12 13 14 23 | 23.2
Summonings     | 2 3 4 5 6 7 8 9 10 11 12 13 14 23 | 23.2
Translocations | 2 3 4 5 6 7 8 9 10 11 12 13 14 23 | 23.2
Invocations    | 1 2 3 4 5 6 7 8 9 10 11 12 13 14 15 16 17 27 | 27.0
Fighting       | 1 2 3 4 5 6 7 8 9 10 11 12 13 14 15 16 26 | 26.7
Short Blades   | 1 2 3 4 5 6 7 8 9 10 11 12 13 14 15 16 26 | 26.5
Long Blades    | 1 2 3 4 5 6 7 8 9 10 11 12 13 14 15 16 26 | 26.5
Axes           | 1 2 3 4 5 6 7 8 9 10 11 12 13 14 15 16 26 | 26.5
Maces & Flails | 1 2 3 4 5 6 7 8 9 10 11 12 13 14 15 16 26 | 26.5
Polearms       | 1 2 3 4 5 6 7 8 9 10 11 12 13 14 15 16 26 | 26.5
Staves         | 1 2 3 4 5 6 7 8 9 10 11 12 13 14 15 16 26 | 26.5
Slings         | 1 2 3 4 5 6 7 8 9 10 11 12 13 14 15 16 26 | 26.5
Bows           | 1 2 3 4 5 6 7 8 9 10 11 12 13 14 15 16 26 | 26.5
Crossbows      | 1 2 3 4 5 6 7 8 9 10 11 12 13 14 15 16 26 | 26.5
Throwing       | 1 2 3 4 5 6 7 8 9 10 11 12 13 14 15 16 26 | 26.5
Armour         | 1 2 3 4 5 6 7 8 9 10 11 12 13 14 15 16 26 | 26.5
Shields        | 1 2 3 4 5 6 7 8 9 10 11 12 13 14 15 16 26 | 26.5
Unarmed Combat | 1 2 3 4 5 6 7 8 9 10 11 12 13 14 15 16 26 | 26.8
Evocations     | 1 2 3 4 5 6 7 8 9 10 11 12 13 14 15 16 26 | 26.5
Hexes          | 1 2 3 4 5 6 7 8 9 10 11 12 13 14 23 | 23.1
Charms         | 1 2 3 4 5 6 7 8 9 10 11 12 13 14 23 | 23.1
Necromancy     | 1 2 3 4 5 6 7 8 9 10 11 12 13 14 23 | 23.1
Transmutations | 1 2 3 4 5 6 7 8 9 10 11 12 13 14 23 | 23.1
Fire Magic     | 1 2 3 4 5 6 7 8 9 10 11 12 13 14 23 | 23.1
Ice Magic      | 1 2 3 4 5 6 7 8 9 10 11 12 13 14 23 | 23.1
Air Magic      | 1 2 3 4 5 6 7 8 9 10 11 12 13 14 23 | 23.1
Earth Magic    | 1 2 3 4 5 6 7 8 9 10 11 12 13 14 23 | 23.1
Poison Magic   | 1 2 3 4 5 6 7 8 9 10 11 12 13 14 23 | 23.1
Dodging        | 5 6 7 8 9 10 11 12 13 14 15 16 17 26 | 26.8
Stealth        | 5 6 7 8 9 10 11 12 13 14 15 16 17 26 | 26.7
Spellcasting   | 8 9 10 11 12 13 14 15 16 17 27 | 27.0

Action                   |  1- 3 |  4- 6 |  7- 9 | 10-12 | 13-15 | 16-18 | 19-21 | 22-24 | 25-27 || total
-------------------------+-------+-------+-------+-------+-------+-------+-------+-------+-------++-------
Melee: Unarmed           |    12 |       |       |       |       |       |       |       |     7 ||    19
       Halberd           |    62 |    90 |    30 |       |       |       |       |       |       ||   182
       Bite              |     5 |     3 |    17 |    54 |    83 |    23 |    61 |    98 |  1509 ||  1853
       Dagger            |       |       |    36 |       |       |       |       |       |    22 ||    58
       Punch             |       |       |     2 |       |       |       |       |       |       ||     2
       Quarterstaff      |       |       |   105 |   498 |   642 |       |       |       |       ||  1245
       Staff             |       |       |     4 |       |       |       |       |       |       ||     4
       Falchion          |       |       |       |       |   168 |   317 |   322 |   711 |  3388 ||  4906
       Whip              |       |       |       |       |       |       |    54 |    40 |  1154 ||  1248
       Trishula          |       |       |       |       |       |       |       |       |  4505 ||  4505
       Broad axe         |       |       |       |       |       |       |       |       |  1430 ||  1430
Throw: Dart              |     3 |       |       |       |     2 |       |       |       |       ||     5
       Boomerang         |       |     6 |     8 |    18 |       |       |       |       |       ||    32
       Javelin           |       |       |       |       |    23 |    21 |       |     4 |    45 ||    93
 Cast: Magic Dart        |    62 |    50 |   264 |   221 |   163 |    33 |     8 |    13 |       ||   814
       Conjure Flame     |     4 |     8 |    30 |    40 |    22 |       |       |       |       ||   104
       Mephitic Cloud    |     2 |     7 |    45 |    56 |    66 |     7 |     2 |       |       ||   185
       Call Imp          |       |     3 |     3 |     6 |       |       |       |       |       ||    12
       Blink             |       |     1 |    16 |     8 |    23 |     1 |     2 |       |    35 ||    86
       Bolt of Magma     |       |       |       |    49 |    11 |       |       |       |       ||    60
       Iskenderun's Batt |       |       |       |     3 |       |       |       |       |       ||     3
       Lee's Rapid Decon |       |       |       |     9 |    43 |    11 |    13 |     8 |   250 ||   334
       Summon Ice Beast  |       |       |       |     8 |     7 |       |       |       |       ||    15
       Animate Dead      |       |       |       |     1 |     2 |       |       |       |       ||     3
       Stone Arrow       |       |       |       |       |   104 |       |       |       |       ||   104
       Irradiate         |       |       |       |       |    25 |     7 |     8 |    12 |    32 ||    84
       Statue Form       |       |       |       |       |    35 |    32 |    10 |    11 |   160 ||   248
       Regeneration      |       |       |       |       |     8 |    21 |     8 |     9 |   229 ||   275
       Freezing Cloud    |       |       |       |       |       |   153 |   117 |   123 |   512 ||   905
       Borgnjor's Vile C |       |       |       |       |       |    70 |    83 |   116 |   910 ||  1179
       Throw Flame       |       |       |       |       |       |    51 |       |       |       ||    51
       Fire Storm        |       |       |       |       |       |     1 |       |       |    59 ||    60
       Iron Shot         |       |       |       |       |       |       |    13 |    37 |    21 ||    71
       Infestation       |       |       |       |       |       |       |       |    17 |    17 ||    34
       Glaciate          |       |       |       |       |       |       |       |     1 |    71 ||    72
       Lehudib's Crystal |       |       |       |       |       |       |       |       |   602 ||   602
       Dispel Undead     |       |       |       |       |       |       |       |       |   278 ||   278
       Necromutation     |       |       |       |       |       |       |       |       |    82 ||    82
       Shatter           |       |       |       |       |       |       |       |       |    37 ||    37
       Controlled Blink  |       |       |       |       |       |       |       |       |    30 ||    30
       Summon Horrible T |       |       |       |       |       |       |       |       |    23 ||    23
       Apportation       |       |       |       |       |       |       |       |       |     1 ||     1
Invok: Channel Magic     |       |       |       |     1 |     2 |     4 |     4 |     4 |   105 ||   120
       Divine Exegesis   |       |       |       |       |       |     1 |       |     1 |       ||     2
 Abil: End Transformatio |       |       |       |       |       |       |       |       |     7 ||     7
Evoke: Wand              |       |       |       |     2 |     7 |    25 |     1 |     4 |    13 ||    52
       Phial of floods   |       |       |       |       |     1 |     2 |       |     1 |     4 ||     8
       Staff of Dispater |       |       |       |       |       |       |       |       |     2 ||     2
       Horn of Geryon    |       |       |       |       |       |       |       |       |     1 ||     1
  Use: Scroll            |     2 |     1 |    21 |     5 |    27 |    10 |     7 |    11 |    81 ||   165
       Potion            |       |       |       |     6 |     2 |       |     3 |     8 |    30 ||    49
 Stab: Sleeping          |     3 |     2 |     2 |     2 |    10 |       |     7 |    27 |    93 ||   146
       Confused          |       |     2 |    11 |    29 |    32 |     3 |     2 |       |     1 ||    80
       Distracted        |       |       |     1 |       |     1 |       |     2 |     2 |   102 ||   108
       Petrified         |       |       |       |       |       |     2 |       |       |     1 ||     3
       Invisible         |       |       |       |       |       |       |       |       |    16 ||    16
  Eat: Chunk             |     1 |     6 |    18 |    17 |    30 |    33 |    37 |    38 |   112 ||   292
       Ration            |       |       |       |     7 |     8 |     7 |     1 |     3 |    77 ||   103
Armor: Robe              |    10 |    13 |    12 |    56 |    30 |     8 |    32 |    34 |    44 ||   239
       Leather armour    |       |       |       |     5 |    36 |       |       |       |       ||    41
       Skin              |       |       |       |       |   232 |   209 |    32 |    69 |   653 ||  1195
       Quicksilver drago |       |       |       |       |       |       |       |       |   898 ||   898
Dodge: Dodged            |    66 |    39 |   136 |   404 |   670 |   413 |   281 |   342 |  4608 ||  6959
Block: Other             |       |       |       |       |   124 |       |       |       |       ||   124
       Reflection        |       |       |       |       |    23 |    85 |    83 |    98 |   223 ||   512
       Buckler           |       |       |       |       |   115 |   292 |   174 |       |       ||   581
       Shield            |       |       |       |       |       |       |   102 |   518 |  3084 ||  3704
       Large shield      |       |       |       |       |       |       |       |       |  7240 ||  7240
       Rpst.: Falchion   |       |       |       |       |    41 |    61 |    46 |    54 |   321 ||   523
